 Dungeon Crawl Stone Soup version 0.29.0-4-gdea44cf6ec (webtiles) character file.

Game seed: 15081980290416788522

536555 qw the Impregnable (level 24, -1/245 HPs)
             Began as a Minotaur Berserker on Sept 6, 2022.
             Was a High Priest of Trog.
             Killed from afar by a white draconian (14 damage)
             ... with a blast of cold
             ... on level 2 of the Realm of Zot.
             The game lasted 00:26:25 (68482 turns).

qw the Impregnable (Minotaur Berserker)            Turns: 68482, Time: 00:26:26

Health: -1/245     AC: 37    Str: 29    XL:     24   Next: 60%
Magic:  22/22      EV: 18    Int:  7    God:    Trog [*****.]
Gold:   1336       SH: 28    Dex: 17    Spells: 23/23 levels left

rFire   + . .      SeeInvis +   B - +4 broad axe "Toluts" {vorpal, Int+3}
rCold   + . .      Faith    .   q - +0 tower shield
rNeg    + . .      Spirit   .   j - +0 gold dragon scales
rPois   +          Reflect  +   n - +0 mask of the Dragon {Will+ Slay+3 SInv}
rElec   +          Harm     .   u - +2 cloak "Wonef" {Regen+ Str-3 Dex+2}
rCorr   .          Rampage  .   s - +2 pair of gloves
Will    +++++                   D - +1 pair of boots {Fly}
Stlth   ..........              t - amulet of the Demon Prince {Reflect rElec rC+ rN+ SH+5 SInv}
HPRegen 2.30/turn               i - ring of Eternal Night {rC- Will++ AC+4 Dex+3 SInv}
MPRegen 0.18/turn               o - +4 ring of evasion

@: strong-willed, corroded, on berserk cooldown, flying, regenerating
A: horns 2, retaliatory headbutt, poison resistance, MP-powered wands
}: 3/15 runes: barnacled, silver, gossamer
a: Renounce Religion, Berserk, Trog's Hand, Brothers in Arms


You were on level 2 of the Realm of Zot.
You worshipped Trog.
Trog was extremely pleased with you.
You visited 8 branches of the dungeon, and saw 41 of its levels.
You visited the Abyss 1 time.

You collected 6212 gold pieces.
You spent 4876 gold pieces at shops.


Innate Abilities, Weirdness & Mutations

You have a pair of horns on your head.
You reflexively headbutt those who attack you in melee.
Your system is resistant to poisons. (rPois)
You expend magic power (3 MP) to strengthen your wands.


   Skills:
 - Level 26.0 Fighting
 - Level 19.0 Axes
 - Level 15.0 Throwing
 + Level 26.3 Armour
 - Level 14.0 Dodging
 - Level 22.7 Shields


You had 23 spell levels left.
You didn't know any spells.
Your spell library was empty.

Inventory:

Hand Weapons
 g - a +5 vorpal broad axe
 B - the +4 broad axe "Toluts" (weapon) {vorpal, Int+3}
   (You found it on level 2 of the Shoals)

   It inflicts extra damage upon your enemies.
   Int:       It affects your intelligence (+3).
Missiles
 l - 4 silver boomerangs (quivered)
 y - 6 boomerangs
 J - 2 boomerangs of dispersal
Armour
 d - a +2 pair of boots
 j - +0 gold dragon scales (worn)
 n - the +0 mask of the Dragon (worn) {Will+ Slay+3 SInv}
   (You found it on level 4 of the Spider Nest)

   Slay:      It affects your accuracy & damage with ranged weapons and melee
   (+3).
   SInv:      It lets you see invisible.
   Will:      It increases your willpower.
 q - a +0 tower shield (worn)
 s - a +2 pair of gloves (worn)
 u - the +2 cloak "Wonef" (worn) {Regen+ Str-3 Dex+2}
   (You found it on level 1 of the Realm of Zot)

   Str:       It affects your strength (-3).
   Dex:       It affects your dexterity (+2).
   Regen:     It increases your rate of health regeneration.
 w - a +7 plate armour of cold resistance
 z - the +4 fire dragon scales of Umyzxie {rPois rF++ rC-}
   (You bought it in a shop on level 2 of the Orcish Mines)

   rF:        It greatly protects you from fire.
   rC:        It makes you vulnerable to cold.
   rPois:     It protects you from poison.
 D - a +1 pair of boots of flying (worn)
Jewellery
 i - the ring of Eternal Night (left hand) {rC- Will++ AC+4 Dex+3 SInv}
   (You acquired it on level 5 of the Lair of Beasts)

   [ring of protection]

   AC:        It affects your AC (+4).
   Dex:       It affects your dexterity (+3).
   rC:        It makes you vulnerable to cold.
   SInv:      It lets you see invisible.
   Will:      It greatly increases your willpower.
 m - the ring "Iggimmoa" {Fire *Corrode Fly SInv Stlth+}
   (You took it off a balrug on level 2 of the Depths)

   [ring of fire]

   It enhances your fire magic.
   rF:        It protects you from fire.
   rC:        It makes you vulnerable to cold.
   SInv:      It lets you see invisible.
   Fly:       It grants you flight.
   *Corrode:  It may corrode you when you take damage.
   Stlth:     It makes you more stealthy.
 o - a +4 ring of evasion (right hand)
 p - a ring of protection from fire
 r - a ring of protection from fire
 t - the amulet of the Demon Prince (around neck) {Reflect rElec rC+ rN+ SH+5 SInv}
   (You found it on level 5 of the Lair of Beasts)

   [amulet of reflection]

   It reflects blocked missile attacks.
   rC:        It protects you from cold.
   rElec:     It insulates you from electricity.
   rN:        It protects you from negative energy.
   SInv:      It lets you see invisible.
   SH:        It affects your SH (+5).
 A - a +4 ring of protection
Scrolls
 b - 11 scrolls of identify
 x - 2 scrolls of brand weapon
 H - 4 scrolls of enchant weapon
Potions
 a - 17 potions of curing
 c - 7 potions of haste
 e - a potion of resistance
 h - 9 potions of mutation
 k - 5 potions of cancellation
 v - 6 potions of might

Dungeon Overview and Level Annotations

Branches:
Dungeon (15/15)            Temple (0/1) D:4            Lair (5/5) D:9
 Shoals (4/4) Lair:3       Spider (4/4) Lair:2        Slime (0/5) Lair:5
    Orc (2/2) D:12            Elf (0/3) Orc:2        Vaults (5/5) D:13
  Crypt (0/3) Vaults:3     Depths (4/4) D:15            Zot (2/5) Depths:4

Altars:
Ashenzari
Dithmenos
Elyvilon
Fedhas
Hepliaklqana
Kikubaaqudgha
Makhleb
Nemelex Xobeh
Okawaru
Qazlal
Ru
Trog
Uskayaw
Xom
Yredelemnul
Zin
The Shining One
Jiyva

Shops:
D:5 [   Orc:2 ?[*([   Shoals:2 *   Vaults:3 (   Depths:1 ?   Depths:2 =:=

Portals:
Hell: Depths:1 Depths:2 Depths:3 Depths:4
Abyss: Depths:3
Pandemonium: Depths:1 Depths:2
Ziggurat: Depths:2
Trove: D:12 (give +4 fire dragon scales)

Annotations:
D:2 1 runed translucent door, Crazy Yiuf
D:4 2 transporters, qw's ghost, amateur BaCK
Lair:3 2 runed translucent doors, qw's ghost, journeyman TrCA
Lair:5 1 runed translucent door
Orc:2 2 transporters, qw's ghost, journeyman GrFi
Vaults:2 36 runed doors
Depths:3 1 runed translucent door


Message History

Your two-headed ogre closely misses the black draconian.
Your two-headed ogre hits the black draconian with a +0 giant spiked club!!!
The black draconian dies!
Trog accepts your kill.
You slash the yellow draconian!
The yellow draconian is severely wounded.
You barely miss the red draconian. You block the red draconian's attack.
The yellow draconian spits acid at you.
The glob of acid reflects off an invisible shield around you!
The glob of acid hits the yellow draconian.
The acid splashes onto the red draconian!
The red draconian is splashed with acid.
The acid splashes onto you!
You are splashed with acid!
You closely miss the yellow draconian.
Your headbutt misses the yellow draconian.
The yellow draconian is almost dead.
You hit the red draconian but do no damage.
The red draconian hits you with a +0 trident.
You block the yellow draconian's attack.
The yellow draconian hits your two-headed ogre with a +0 broad axe!
The purple draconian shifter casts a spell.
The purple draconian shifter blinks!
Your two-headed ogre barely misses the yellow draconian.
Your two-headed ogre hits the yellow draconian with a +0 giant spiked club!!
The yellow draconian dies!
Trog accepts your kill.
You slice the red draconian!!
You headbutt the red draconian, but do no damage.
The red draconian is severely wounded.
You barely miss the white draconian. You hit the red draconian.
The red draconian is almost dead.
You completely miss the white draconian.
Your two-headed ogre hits the white draconian with a +0 giant club.
Your two-headed ogre hits the white draconian with a +0 giant spiked club!!
You block the red draconian's attack.
The white draconian breathes frost at you.
The blast of cold hits you! You resist.
You die...

#...# #...#
#.... #...# ...
#...# ##...
#.q.# ...#
#).0###...###
#%@O.........
#d)d.........
#............
#....)#####
#...#[....D..
#...#........
####...#####..##
#........# .#
#........# #


You could see a red draconian, a white draconian (catching breath, ally target),
a purple draconian shifter and a friendly two-headed ogre (summoned, berserk).

Vanquished Creatures
  An orb of fire (Zot:2)
  Mennas (Vaults:3)
  3 juggernauts
  Saint Roka (Orc:2)
  Bai Suzhen (Depths:1)
  5 golden dragons
  A bone dragon (Abyss:4)
  An electric golem (Zot:1)
  8 tentacled monstrosities
  Asterion (Depths:1)
  A walking earthen tome (Depths:2)
  5 quicksilver dragons
  Polyphemus (Shoals:3)
  11 titans
  A walking divine tome (Depths:4)
  A tentacled starspawn (Abyss:4)
  2 death cobs
  2 krakens (Shoals:4)
  Kirke (Shoals:3)
  3 sphinxes
  4 tengu reavers (Vaults:5)
  Donald (Spider:4)
  7 storm dragons
  A draconian monk (Zot:1)
  10 shadow dragons
  3 draconian knights
  A deep elf sorcerer (Vaults:5)
  10 fire giants
  7 emperor scorpions
  6 frost giants
  A balrug (Depths:2)
  4 ghost moths
  A cacodemon (Abyss:3)
  19 vault wardens
  An iron dragon (Depths:3)
  2 orc warlords
  A draconian stormcaller (Zot:1)
  4 draconian scorchers (Zot:1)
  A ghost moth (shapeshifter) (Depths:4)
  A draconian shifter (Depths:4)
  3 draconian annihilators
  A spriggan defender (Depths:4)
  A caustic shrike skeleton (Depths:1)
  23 stone giants
  4 broodmothers
  16 ironbound preservers
  3 reapers
  2 vampire knights
  3 war gargoyles
  28 very ugly things
  9 ironbound thunderhulks
  5 black draconians
  7 green draconians
  5 white draconians
  3 yellow draconians
  A lorocyproca (Abyss:4)
  2 purple draconians
  6 dire elephants (Vaults:1)
  3 entropy weavers
  2 red draconians
  11 spark wasps
  Snorg (D:11)
  7 merfolk javelineers
  16 ettins
  A green death (Abyss:4)
  3 deep elf high priests
  8 merfolk impalers
  10 fire dragons
  6 great orbs of eyes
  12 yaktaur captains
  4 rakshasas
  Fannar (Lair:1)
  6 boulder beetles
  5 hydras
  9 ice dragons
  3 spriggan air magi
  A hell beast (Depths:2)
  8 ironbound frosthearts
  35 vault guards
  8 two-headed ogres
  3 merfolk avatars (Shoals:4)
  2 peacekeepers
  3 ogre magi (Vaults:5)
  A jorogumo (Spider:4)
  2 radroaches
  14 centaur warriors
  A ghost crab (Spider:2)
  2 merfolk aquamancers
  3 catoblepae
  5 tengu warriors
  7 deep troll shamans
  A vampire mage (Depths:3)
  4 alligator snapping turtles
  14 deep troll earth magi
  12 death yaks
  3 orc high priests
  A hell hog (Depths:2)
  7 thrashing horrors (Abyss:4)
  5 spriggan berserkers
  5 sun demons (Depths:2)
  A spriggan (Depths:3)
  Nergalle (Lair:2)
  2 hell knights (Vaults:5)
  3 sun moths
  2 soul eaters (Depths:2)
  A spark wasp zombie (Depths:1)
  A sixfirhy (Abyss:3)
  12 iron trolls
  3 flayed ghosts
  5 sea snakes
  3 pharaoh ants
  57 deep trolls
  4 glowing orange brains
  6 orb spiders
  5 lindwurms
  5 steelbarb worms
  3 phantasmal warriors (Vaults:5)
  A shadow demon (Depths:2)
  A tengu zombie (Depths:1)
  14 orc knights
  8 wizards
  12 harpies
  19 ironbound convokers
  3 necromancers
  31 ugly things
  6 deep elf pyromancers
  9 orc sorcerers
  A frost giant zombie (Depths:1)
  A faun (Shoals:3)
  3 deep elf zephyrmancers (Depths:2)
  A shining eye (shapeshifter) (Vaults:5)
  A mana viper (shapeshifter) (Vaults:5)
  A salamander (Depths:1)
  7 manticores
  24 wolf spiders
  7 moths of wrath
  A stone giant skeleton (Depths:1)
  11 cyclopes
  4 large abominations (Abyss:4)
  Maurice (Orc:2)
  3 elephants (Lair:2)
  3 worldbinders (Abyss:4)
  2 moths of wrath (shapeshifter) (Vaults:1)
  2 black mambas (Lair:2)
  An iron dragon skeleton (Depths:1)
  Joseph (D:12)
  A molten gargoyle (Depths:1)
  8 merfolk sirens
  4 water nymphs (Shoals:2)
  A centaur zombie (D:15)
  A naga mage (D:15)
  25 vault sentinels
  3 rust devils
  A black mamba (shapeshifter) (D:13)
  8 smoke demons
  8 cane toads
  5 orange demons
  12 torpor snails
  3 rime drakes
  5 komodo dragons
  8 demonic crawlers
  2 hellions
  26 yaktaurs
  2 hellwings (Abyss:4)
  3 freezing wraiths
  2 ice devils (Depths:2)
  3 tengu conjurers
  A kobold demonologist (D:9)
  12 meliai (Spider:2)
  An ancient zyme (Abyss:4)
  A red devil (Depths:2)
  7 trolls
  23 merfolk
  A meliai (shapeshifter) (Vaults:5)
  6 tyrant leeches
  6 wind drakes
  A queen bee (shapeshifter) (D:13)
  2 ettin zombies (Depths:1)
  9 polar bears (Lair:5)
  A wolf spider simulacrum (D:15)
  14 snapping turtles
  A tarantella (shapeshifter) (D:15)
  9 hornets
  2 merfolk (shapeshifter)
  A slime creature (shapeshifter) (Vaults:5)
  14 tarantellas
  Prince Ribbit (D:6)
  21 dream sheep
  9 blink frogs
  4 raiju (Lair:5)
  A fire giant simulacrum (Depths:1)
  44 slime creatures
  19 jumping spiders
  23 culicivoras
  A shadow (D:12)
  16 starcursed masses
  28 yaks
  2 vampires
  2 ynoxinuls
  20 water elementals
  A basilisk (shapeshifter) (Vaults:1)
  3 wraiths
  6 basilisks
  A golden eye (shapeshifter) (D:15)
  25 redbacks
  11 vampire mosquitoes
  7 wyverns
  2 steam dragons
  8 wargs
  A chaos spawn (Depths:2)
  A redback (shapeshifter) (Depths:3)
  2 neqoxecs
  An acid dragon (D:11)
  Duvessa (D:5)
  13 hell hounds (Lair:5)
  7 water moccasins
  28 orc warriors
  A floating eye zombie (Depths:1)
  A hornet zombie (D:15)
  17 black bears
  4 sky beasts
  14 centaurs
  8 ogres
  25 wolves
  A phantom (D:6)
  Blork the orc (D:5)
  6 kobold brigands
  12 bullfrogs
  A necrophage (D:4)
  5 scorpions
  3 small abominations (Abyss:4)
  4 wights (D:7)
  Dowan (D:5)
  4 killer bees
  3 howler monkeys
  A quasit (Abyss:4)
  4 jellies
  3 hounds
  19 orc priests
  6 iguanas
  22 orc wizards
  2 boggart skeletons (D:15)
  9 adders
  A shadow imp (D:7)
  A white imp (D:7)
  2 ufetubi (D:4)
  4 dart slugs
  72 orcs
  8 bats
  5 endoplasms
  3 giant cockroaches (D:1)
  4 goblins
  8 hobgoblins
  2 jackals (D:1)
  31 kobolds
  6 quokkas
  10 ball pythons
  2 frilled lizards
  5 rats
  2 starspawn tentacles (Abyss:4)
  9 tentacles (Shoals:4)
1710 creatures vanquished.

Vanquished Creatures (collateral kills)
  A tentacled monstrosity (Vaults:5)
  A very ugly thing (Depths:1)
  A broodmother (Spider:4)
  A yellow draconian (Zot:2)
  A black draconian (Zot:2)
  A crystal guardian (Vaults:4)
  A merfolk impaler (Shoals:4)
  A great orb of eyes (Vaults:2)
  A boulder beetle (Spider:1)
  3 hydras
  A two-headed ogre (D:11)
  A merfolk avatar (Shoals:3)
  An orc high priest (Orc:2)
  An orb spider (Spider:4)
  2 steelbarb worms (Spider:4)
  2 wolf spiders
  An orc sorcerer (Orc:2)
  A demonic crawler (Spider:4)
  A yaktaur (Vaults:2)
  2 trolls
  A merfolk (Shoals:3)
  2 jumping spiders (Spider:4)
  A culicivora (Spider:1)
  A shadow (D:11)
  2 redbacks (Spider:4)
  A warg (Orc:2)
  6 orc warriors (Orc:2)
  An ogre (Orc:2)
  An electric eel (Spider:4)
  2 orc priests (Orc:2)
  An orc wizard (Orc:2)
  An orc (Vaults:5)
45 creatures vanquished.

Vanquished Creatures (others)
  A fire dragon (Depths:4)
  A wolf spider (Spider:3)
  3 humans (Shoals:3)
  2 orcs (Vaults:5)
  16 fungi
  110 plants
  2 starspawn tentacles (Abyss:4)
  5 tentacles (Shoals:4)
  5 toadstools (D:1)
145 creatures vanquished.

Grand Total: 1900 creatures vanquished

Notes
Turn   | Place    | Note
-------+----------+-------------------------------------------
     0 | D:1      | qw the Minotaur Berserker began the quest for the Orb.
     0 | D:1      | Reached XP level 1. HP: 19/19 MP: 0/0
     0 | D:1      | 0 ||| qw: Version: 0.1-a-107-g9ff403c
     0 | D:1      | 0 ||| qw: Game counter: 6081
     0 | D:1      | 0 ||| qw: Always use a shield: true
     0 | D:1      | 0 ||| qw: Do Orc after D:15 true
     0 | D:1      | 0 ||| qw: Do second Lair branch before Depths: true
     0 | D:1      | 0 ||| qw: Lair rune preference: random
     0 | D:1      | 0 ||| qw: Plans: Normal
     0 | D:1      | 0 ||| PLANNING D:1-11
    41 | D:1      | Found a faded altar of an unknown god.
   217 | D:1      | Reached XP level 2. HP: 16/26 MP: 1/1
   455 | D:1      | 455 ||| Stepping ~*~*~tactically~*~*~ (hiding).
   511 | D:1      | 511 ||| Stepping ~*~*~tactically~*~*~ (stealth).
   773 | D:1      | Reached XP level 3. HP: 31/31 MP: 2/2
   829 | D:1      | 829 ||| Stepping ~*~*~tactically~*~*~ (stealth).
  1151 | D:1      | 1151 ||| Stepping ~*~*~tactically~*~*~ (stealth).
  1157 | D:1      | 1157 ||| Stepping ~*~*~tactically~*~*~ (stealth).
  1172 | D:1      | Reached ** piety under Trog
  1402 | D:1      | 1402 ||| UPGRADING to +1 leather armour of cold resistance.
  1412 | D:1      | 1412 ||| DROPPING +0 animal skin.
  1413 | D:1      | 1413 ||| READING scroll labelled RYNOICHYECO.
  1414 | D:1      | 1414 ||| READING scroll labelled PONEHOI OXIMI.
  1415 | D:1      | 1415 ||| Stepping randomly (stuck).
  1416 | D:1      | 1416 ||| Stepping ~*~*~tactically~*~*~ (cloud).
  1740 | D:2      | 1740 ||| Stepping ~*~*~tactically~*~*~ (stealth).
  1742 | D:2      | 1742 ||| Stepping ~*~*~tactically~*~*~ (stealth).
  2102 | D:2      | Found a runed translucent door.
  2103 | D:2      | Noticed Crazy Yiuf
  2180 | D:2      | 2180 ||| UPGRADING to +0 pair of boots.
  2185 | D:2      | 2185 ||| UPGRADING to amulet of guardian spirit.
  2190 | D:2      | 2190 ||| READING scroll labelled WAUGINTI JEAM.
  2191 | D:2      | 2191 ||| READING scroll labelled ENAGETZIRR.
  2192 | D:2      | 2192 ||| READING scroll labelled ZUYTSO NUQET.
  2193 | D:2      | 2193 ||| DRINKING 2 fuming clear potions.
  2194 | D:2      | 2194 ||| DROPPING potion of magic.
  2239 | D:3      | Reached skill level 6 in Axes
  2239 | D:3      | Reached XP level 4. HP: 39/39 MP: 3/3
  2378 | D:3      | Found a broken altar of Ashenzari.
  2397 | D:3      | 2397 ||| Stepping ~*~*~tactically~*~*~ (stealth).
  2398 | D:3      | 2398 ||| Stepping ~*~*~tactically~*~*~ (stealth).
  2418 | D:3      | 2418 ||| Stepping ~*~*~tactically~*~*~ (stealth).
  2475 | D:3      | 2475 ||| DROPPING +0 mace.
  2492 | D:3      | Noticed an ogre
  2496 | D:3      | 2496 ||| INVOKING Berserk.
  2499 | D:3      | Killed an ogre
  2500 | D:3      | Reached XP level 5. HP: 44/45 MP: 2/4
  2611 | D:3      | 2611 ||| Stepping ~*~*~tactically~*~*~ (stealth).
  2642 | D:3      | 2642 ||| Stepping ~*~*~tactically~*~*~ (stealth).
  2643 | D:3      | 2643 ||| Stepping ~*~*~tactically~*~*~ (stealth).
  2696 | D:3      | 2696 ||| Stepping ~*~*~tactically~*~*~ (stealth).
  2976 | D:3      | 2976 ||| UPGRADING to +0 chain mail.
  2986 | D:3      | 2986 ||| DROPPING +1 leather armour of cold resistance.
  2987 | D:3      | 2987 ||| READING scroll labelled SUFOBB ULLIY.
  2988 | D:3      | 2988 ||| READING scroll labelled QEEHOQ FIUME.
  2989 | D:3      | 2989 ||| READING 4 scrolls of identify.
  2989 | D:3      | 2989 ||| IDENTIFYING pink potion
  2990 | D:3      | 2990 ||| READING 3 scrolls of identify.
  2990 | D:3      | 2990 ||| IDENTIFYING dark potion
  2991 | D:3      | 2991 ||| READING 2 scrolls of identify.
  2991 | D:3      | 2991 ||| IDENTIFYING clear potion
  2992 | D:3      | 2992 ||| DROPPING potion of degeneration.
  3034 | D:4      | Found a transporter.
  3037 | D:4      | Found a staircase to the Ecumenical Temple.
  3316 | D:4      | 3316 ||| FLEEEEING.
  3317 | D:4      | 3317 ||| FLEEEEING.
  3320 | D:4      | 3320 ||| FLEEEEING.
  3321 | D:4      | 3321 ||| FLEEEEING.
  3353 | D:4      | Reached XP level 6. HP: 44/52 MP: 2/5
  3388 | D:4      | 3388 ||| Stepping ~*~*~tactically~*~*~ (stealth).
  3719 | D:4      | Found a transporter.
  3719 | D:4      | Noticed qw's ghost (amateur BaCK)
  3818 | D:4      | Found a burning altar of Makhleb.
  3926 | D:4      | 3926 ||| UPGRADING to +0 plate armour.
  3936 | D:4      | 3936 ||| DROPPING +0 chain mail.
  3937 | D:4      | 3937 ||| READING scroll labelled RIVYSICVUMM.
  3938 | D:4      | 3938 ||| READING scroll labelled ZAICIU RUFIHU.
  4039 | D:4      | 4039 ||| READING scroll labelled AHELLE PEMOPI.
  4064 | D:5      | Entered Level 5 of the Dungeon
  4067 | D:5      | 4067 ||| STAIRDANCE
  4074 | D:5      | 4074 ||| STAIRDANCE
  4082 | D:5      | 4082 ||| STAIRDANCE
  4084 | D:4      | 4084 ||| INVOKING Berserk.
  4087 | D:4      | Reached XP level 7. HP: 59/59 MP: 6/6
  4198 | D:5      | 4198 ||| STAIRDANCE
  4202 | D:4      | Reached skill level 9 in Axes
  4212 | D:5      | Found a basalt altar of Yredelemnul.
  4216 | D:5      | Found a hazy altar of Hepliaklqana.
  4216 | D:5      | Found a stormy altar of Qazlal.
  4219 | D:5      | Found a hide-covered altar of Uskayaw.
  4284 | D:5      | 4284 ||| Stepping ~*~*~tactically~*~*~ (stealth).
  4285 | D:5      | 4285 ||| Stepping ~*~*~tactically~*~*~ (stealth).
  4352 | D:5      | Noticed Blork the orc
  4355 | D:5      | 4355 ||| INVOKING Berserk.
  4359 | D:5      | Killed Blork the orc
  4360 | D:5      | Reached skill level 1 in Throwing
  4486 | D:5      | 4486 ||| SWAPPING to +3 war axe.
  4487 | D:5      | 4487 ||| DROPPING +0 hand axe.
  4506 | D:5      | Reached *** piety under Trog
  4805 | D:5      | 4805 ||| Stepping ~*~*~tactically~*~*~ (hiding).
  4954 | D:5      | Noticed Duvessa
  4955 | D:5      | Noticed Dowan
  4956 | D:5      | 4956 ||| Stepping ~*~*~tactically~*~*~ (stealth).
  4957 | D:5      | 4957 ||| INVOKING Berserk.
  4960 | D:5      | Killed Duvessa
  4963 | D:5      | Killed Dowan
  5154 | D:5      | Found Margaret's Dragon-Slaying Spoils.
  5162 | D:5      | 5162 ||| SHOPLISTING +0 fire dragon scales (660 gold, have
                  | 309).
  5162 | D:5      | 5162 ||| SHOPLISTING +0 gold dragon scales (880 gold, have
                  | 309).
  5162 | D:5      | 5162 ||| SHOPLISTING +0 pearl dragon scales (1100 gold,
                  | have 309).
  5162 | D:5      | 5162 ||| SHOPLISTING +0 storm dragon scales (880 gold, have
                  | 309).
  5162 | D:5      | 5162 ||| SHOPLISTING +11 ice dragon scales of the Goldsmith
                  | {rPois rF- rC++ Stlth+} (1314 gold, have 309).
  5162 | D:5      | 5162 ||| SHOPLISTING +8 shadow dragon scales of Lethargy
                  | {Regen+ Int-2 Dex+5 Stlth++++} (1344 gold, have 309).
  5247 | D:6      | Reached XP level 8. HP: 67/68 MP: 7/7
  5282 | D:6      | Found a sparkling altar of Nemelex Xobeh.
  5337 | D:6      | 5337 ||| Stepping ~*~*~tactically~*~*~ (stealth).
  5394 | D:6      | Noticed Prince Ribbit
  5398 | D:6      | 5398 ||| INVOKING Berserk.
  5401 | D:6      | Killed Prince Ribbit
  5402 | D:6      | Reached skill level 6 in Fighting
  5750 | D:6      | 5750 ||| INVOKING Berserk.
  5864 | D:6      | 5864 ||| INVOKING Berserk.
  5998 | D:6      | 5998 ||| Stepping ~*~*~tactically~*~*~ (stealth).
  6005 | D:6      | 6005 ||| INVOKING Berserk.
  6178 | D:6      | Reached XP level 9. HP: 73/78 MP: 6/8
  6262 | D:6      | 6262 ||| INVOKING Berserk.
  6267 | D:6      | Reached skill level 12 in Axes
  6404 | D:6      | 6404 ||| INVOKING Berserk.
  6585 | D:6      | Found a blossoming altar of Fedhas.
  6754 | D:6      | 6754 ||| UPGRADING to +0 cloak.
  6759 | D:6      | 6759 ||| UPGRADING to ring of see invisible.
  6760 | D:6      | 6760 ||| READING 3 scrolls of identify.
  6760 | D:6      | 6760 ||| IDENTIFYING lumpy blue potion
  6761 | D:6      | 6761 ||| READING 2 scrolls of identify.
  6761 | D:6      | 6761 ||| IDENTIFYING fizzy brown potion
  6776 | D:7      | Reached skill level 6 in Armour
  6797 | D:7      | 6797 ||| Stepping ~*~*~tactically~*~*~ (stealth).
  6808 | D:7      | 6808 ||| FLEEEEING.
  6809 | D:7      | 6809 ||| FLEEEEING.
  6810 | D:7      | 6810 ||| FLEEEEING.
  6811 | D:7      | 6811 ||| FLEEEEING.
  6812 | D:7      | 6812 ||| FLEEEEING.
  6813 | D:7      | 6813 ||| FLEEEEING.
  6814 | D:7      | 6814 ||| FLEEEEING.
  6815 | D:7      | 6815 ||| FLEEEEING.
  6816 | D:7      | 6816 ||| FLEEEEING.
  6817 | D:7      | 6817 ||| FLEEEEING.
  6818 | D:7      | 6818 ||| FLEEEEING.
  6819 | D:7      | 6819 ||| FLEEEEING.
  6820 | D:7      | 6820 ||| FLEEEEING.
  6821 | D:7      | 6821 ||| FLEEEEING.
  6822 | D:7      | 6822 ||| FLEEEEING.
  6823 | D:7      | 6823 ||| STAIRDANCE
  6890 | D:7      | 6890 ||| STAIRDANCE
  6950 | D:7      | 6950 ||| Stepping ~*~*~tactically~*~*~ (stealth).
  7254 | D:7      | 7254 ||| Stepping ~*~*~tactically~*~*~ (hiding).
  7551 | D:7      | 7551 ||| Stepping ~*~*~tactically~*~*~ (stealth).
  7556 | D:7      | Reached skill level 3 in Throwing
  7564 | D:7      | 7564 ||| Stepping ~*~*~tactically~*~*~ (hiding).
  7569 | D:7      | 7569 ||| INVOKING Berserk.
  8063 | D:7      | Found a shimmering altar of Xom.
  8072 | D:7      | Found a glowing golden altar of the Shining One.
  8120 | D:7      | 8120 ||| UPGRADING to +0 pair of gloves.
  8125 | D:7      | 8125 ||| READING scroll labelled SUHI QU QIDD.
  8279 | D:8      | 8279 ||| Stepping ~*~*~tactically~*~*~ (hiding).
  8291 | D:8      | 8291 ||| Stepping ~*~*~tactically~*~*~ (hiding).
  8299 | D:8      | 8299 ||| INVOKING Berserk.
  8365 | D:8      | 8365 ||| Stepping ~*~*~tactically~*~*~ (stealth).
  8470 | D:8      | 8470 ||| Stepping ~*~*~tactically~*~*~ (hiding).
  8471 | D:8      | 8471 ||| Stepping ~*~*~tactically~*~*~ (hiding).
  8474 | D:8      | 8474 ||| INVOKING Berserk.
  8482 | D:8      | Reached XP level 10. HP: 88/88 MP: 9/9
  8610 | D:8      | 8610 ||| DROPPING +0 flail.
  8829 | D:8      | Reached **** piety under Trog
  9103 | D:8      | 9103 ||| Stepping ~*~*~tactically~*~*~ (hiding).
  9104 | D:8      | 9104 ||| Stepping ~*~*~tactically~*~*~ (hiding).
  9494 | D:8      | 9494 ||| DROPPING scarf of harm.
  9495 | D:8      | 9495 ||| READING 3 scrolls labelled BUUKO DADONYS.
  9661 | D:8      | 9661 ||| READING scroll labelled YGIKIA CORA.
  9662 | D:8      | 9662 ||| DRINKING 2 amethyst potions.
  9663 | D:8      | 9663 ||| READING 4 scrolls of identify.
  9663 | D:8      | 9663 ||| IDENTIFYING orange potion
  9664 | D:8      | 9664 ||| READING 3 scrolls of identify.
  9664 | D:8      | 9664 ||| IDENTIFYING emerald potion
  9665 | D:8      | 9665 ||| READING 2 scrolls of identify.
  9665 | D:8      | 9665 ||| IDENTIFYING metallic red potion
  9666 | D:8      | 9666 ||| DROPPING potion of ambrosia.
  9667 | D:8      | 9667 ||| DROPPING 2 scrolls of torment.
  9668 | D:8      | 9668 ||| DROPPING potion of berserk rage.
  9669 | D:8      | 9669 ||| DROPPING potion of brilliance.
  9670 | D:8      | 9670 ||| DROPPING potion of attraction.
  9790 | D:9      | 9790 ||| Stepping ~*~*~tactically~*~*~ (hiding).
  9791 | D:9      | 9791 ||| Stepping ~*~*~tactically~*~*~ (hiding).
  9835 | D:9      | 9835 ||| FLEEEEING.
  9836 | D:9      | 9836 ||| FLEEEEING.
  9837 | D:9      | 9837 ||| FLEEEEING.
  9838 | D:9      | 9838 ||| FLEEEEING.
  9839 | D:9      | 9839 ||| FLEEEEING.
  9840 | D:9      | 9840 ||| FLEEEEING.
  9841 | D:9      | 9841 ||| FLEEEEING.
  9843 | D:9      | 9843 ||| FLEEEEING.
  9844 | D:9      | 9844 ||| FLEEEEING.
  9845 | D:9      | 9845 ||| FLEEEEING.
  9846 | D:9      | 9846 ||| FLEEEEING.
  9847 | D:9      | 9847 ||| FLEEEEING.
  9848 | D:9      | 9848 ||| FLEEEEING.
  9880 | D:9      | Noticed a sixfirhy
  9884 | D:9      | 9884 ||| Stepping ~*~*~tactically~*~*~ (hiding).
  9887 | D:9      | 9887 ||| INVOKING Berserk.
 10084 | D:9      | 10084 ||| Stepping ~*~*~tactically~*~*~ (hiding).
 10086 | D:9      | 10086 ||| Stepping ~*~*~tactically~*~*~ (hiding).
 10089 | D:9      | 10089 ||| Stepping ~*~*~tactically~*~*~ (stealth).
 10094 | D:9      | 10094 ||| Stepping ~*~*~tactically~*~*~ (hiding).
 10096 | D:9      | 10096 ||| Stepping ~*~*~tactically~*~*~ (hiding).
 10134 | D:9      | 10134 ||| DROPPING +0 flail of protection.
 10171 | D:9      | 10171 ||| Stepping ~*~*~tactically~*~*~ (hiding).
 10172 | D:9      | 10172 ||| Stepping ~*~*~tactically~*~*~ (hiding).
 10175 | D:9      | 10175 ||| Stepping ~*~*~tactically~*~*~ (hiding).
 10378 | D:9      | 10378 ||| FLEEEEING.
 10511 | D:9      | Found a bloodstained altar of Trog.
 10538 | D:9      | 10538 ||| FLEEEEING.
 10539 | D:9      | 10539 ||| FLEEEEING.
 10540 | D:9      | 10540 ||| FLEEEEING.
 10541 | D:9      | 10541 ||| FLEEEEING.
 10542 | D:9      | 10542 ||| FLEEEEING.
 10543 | D:9      | 10543 ||| FLEEEEING.
 10544 | D:9      | 10544 ||| FLEEEEING.
 10545 | D:9      | 10545 ||| FLEEEEING.
 10546 | D:9      | 10546 ||| FLEEEEING.
 10547 | D:9      | 10547 ||| FLEEEEING.
 10548 | D:9      | 10548 ||| FLEEEEING.
 10549 | D:9      | 10549 ||| FLEEEEING.
 10550 | D:9      | 10550 ||| FLEEEEING.
 10551 | D:9      | 10551 ||| FLEEEEING.
 10552 | D:9      | 10552 ||| FLEEEEING.
 10553 | D:9      | 10553 ||| FLEEEEING.
 10554 | D:9      | 10554 ||| FLEEEEING.
 10555 | D:9      | 10555 ||| FLEEEEING.
 10556 | D:9      | 10556 ||| FLEEEEING.
 10557 | D:9      | 10557 ||| FLEEEEING.
 10558 | D:9      | 10558 ||| FLEEEEING.
 10559 | D:9      | 10559 ||| FLEEEEING.
 10560 | D:9      | 10560 ||| FLEEEEING.
 10561 | D:9      | 10561 ||| FLEEEEING.
 10571 | D:9      | 10571 ||| FLEEEEING.
 10572 | D:9      | 10572 ||| FLEEEEING.
 10577 | D:9      | 10577 ||| STAIRDANCE
 10655 | D:8      | 10655 ||| DROPPING scarf of shadows.
 10660 | D:9      | 10660 ||| STAIRDANCE
 10699 | D:8      | 10699 ||| READING 2 scrolls of identify.
 10699 | D:8      | 10699 ||| IDENTIFYING black potion
 10700 | D:8      | 10700 ||| DROPPING potion of flight.
 10718 | D:9      | 10718 ||| Stepping ~*~*~tactically~*~*~ (stealth).
 10719 | D:9      | 10719 ||| Stepping ~*~*~tactically~*~*~ (stealth).
 10821 | D:9      | Found a staircase to the Lair.
 10839 | D:9      | Reached skill level 15 in Axes
 10900 | D:9      | Identified the +2 robe of the Everdark {rN+}
 10932 | D:9      | 10932 ||| Stepping ~*~*~tactically~*~*~ (stealth).
 10935 | D:9      | Paralysed by a hornet for 3 turns
 10942 | D:9      | 10942 ||| INVOKING Berserk.
 11175 | D:9      | Found a glowing silver altar of Zin.
 11338 | D:9      | 11338 ||| PLANNING LAIR
 11338 | D:9      | 11338 ||| UPGRADING to ring of positive energy.
 11412 | Lair:1   | Entered Level 1 of the Lair of Beasts
 11412 | Lair:1   | Noticed a cane toad
 11416 | Lair:1   | 11416 ||| INVOKING Berserk.
 11419 | Lair:1   | Killed a cane toad
 11420 | Lair:1   | Reached skill level 9 in Fighting
 11555 | Lair:1   | 11555 ||| Stepping ~*~*~tactically~*~*~ (stealth).
 11556 | Lair:1   | 11556 ||| Stepping ~*~*~tactically~*~*~ (stealth).
 11558 | Lair:1   | 11558 ||| INVOKING Berserk.
 11563 | Lair:1   | Reached skill level 3 in Dodging
 11741 | Lair:1   | 11741 ||| Stepping ~*~*~tactically~*~*~ (stealth).
 11823 | Lair:1   | Noticed Fannar
 11837 | Lair:1   | 11837 ||| INVOKING Berserk.
 11841 | Lair:1   | Killed Fannar
 11842 | Lair:1   | Reached XP level 11. HP: 47/97 MP: 2/10
 12169 | Lair:1   | 12169 ||| INVOKING Berserk.
 12534 | Lair:1   | 12534 ||| INVOKING Berserk.
 12540 | Lair:1   | Reached skill level 9 in Armour
 12654 | Lair:2   | 12654 ||| Stepping ~*~*~tactically~*~*~ (hiding).
 12656 | Lair:2   | 12656 ||| INVOKING Berserk.
 12879 | Lair:2   | Noticed Nergalle
 12883 | Lair:2   | 12883 ||| INVOKING Berserk.
 12886 | Lair:2   | Killed Nergalle
 12896 | Lair:2   | 12896 ||| Stepping ~*~*~tactically~*~*~ (stealth).
 12897 | Lair:2   | 12897 ||| Stepping ~*~*~tactically~*~*~ (stealth).
 12897 | Lair:2   | Found a hole to the Spider Nest.
 12899 | Lair:2   | 12899 ||| Stepping ~*~*~tactically~*~*~ (stealth).
 12915 | Lair:2   | 12915 ||| Stepping ~*~*~tactically~*~*~ (stealth).
 12992 | Lair:2   | 12992 ||| INVOKING Berserk.
 13108 | Lair:2   | 13108 ||| Stepping ~*~*~tactically~*~*~ (stealth).
 13122 | Lair:2   | 13122 ||| INVOKING Berserk.
 13348 | Lair:2   | 13348 ||| Stepping ~*~*~tactically~*~*~ (stealth).
 13417 | Lair:2   | 13417 ||| INVOKING Berserk.
 13661 | Lair:2   | 13661 ||| INVOKING Berserk.
 13827 | Lair:2   | Identified the +6 long sword of Destiny {chaos, Will+
                  | Dex+6}
 13839 | Lair:2   | 13839 ||| INVOKING Berserk.
 14060 | Lair:2   | Reached skill level 12 in Fighting
 14067 | Lair:2   | Reached XP level 12. HP: 106/112 MP: 9/11
 14496 | Lair:2   | 14496 ||| READING 5 scrolls of identify.
 14496 | Lair:2   | 14496 ||| IDENTIFYING ruby potion
 14497 | Lair:2   | 14497 ||| READING 4 scrolls of identify.
 14497 | Lair:2   | 14497 ||| IDENTIFYING murky yellow potion
 14498 | Lair:2   | 14498 ||| DROPPING potion of lignification.
 14519 | Lair:3   | 14519 ||| STAIRDANCE
 14523 | Lair:3   | 14523 ||| STAIRDANCE
 14530 | Lair:2   | Reached skill level 12 in Armour
 14687 | Lair:3   | 14687 ||| STAIRDANCE
 14780 | Lair:3   | 14780 ||| Stepping ~*~*~tactically~*~*~ (hiding).
 14781 | Lair:3   | 14781 ||| Stepping ~*~*~tactically~*~*~ (hiding).
 14820 | Lair:3   | Found a staircase to the Shoals.
 14911 | Lair:3   | 14911 ||| Stepping ~*~*~tactically~*~*~ (stealth).
 14914 | Lair:3   | 14914 ||| INVOKING Berserk.
 14998 | Lair:3   | Noticed a death yak
 15003 | Lair:3   | 15003 ||| INVOKING Berserk.
 15012 | Lair:3   | Killed a death yak
 15141 | Lair:3   | Noticed a death yak
 15141 | Lair:3   | Noticed a death yak
 15144 | Lair:3   | Noticed a death yak
 15145 | Lair:3   | 15145 ||| Stepping ~*~*~tactically~*~*~ (stealth).
 15146 | Lair:3   | 15146 ||| INVOKING Berserk.
 15153 | Lair:3   | Killed a death yak
 15158 | Lair:3   | Killed a death yak
 15165 | Lair:3   | Killed a death yak
 15417 | Lair:3   | Noticed an eight-headed hydra
 15418 | Lair:3   | 15418 ||| INVOKING Brothers in Arms.
 15419 | Lair:3   | 15419 ||| INVOKING Brothers in Arms.
 15421 | Lair:3   | 15421 ||| SWAPPING to +3 flail of protection.
 15422 | Lair:3   | 15422 ||| INVOKING Berserk.
 15425 | Lair:3   | Killed an eight-headed hydra
 15432 | Lair:3   | 15432 ||| SWAPPING to +3 war axe.
 15540 | Lair:3   | Found a large runed translucent door.
 15541 | Lair:3   | Found a large runed translucent door.
 15544 | Lair:3   | Noticed qw's ghost (journeyman TrCA)
 15622 | Lair:3   | Noticed a four-headed hydra
 15623 | Lair:3   | 15623 ||| INVOKING Brothers in Arms.
 15624 | Lair:3   | 15624 ||| INVOKING Brothers in Arms.
 15625 | Lair:3   | 15625 ||| INVOKING Brothers in Arms.
 15626 | Lair:3   | 15626 ||| SWAPPING to +3 flail of protection.
 15627 | Lair:3   | 15627 ||| INVOKING Berserk.
 15629 | Lair:3   | Killed a four-headed hydra
 15635 | Lair:3   | 15635 ||| Stepping ~*~*~tactically~*~*~ (cloud).
 15636 | Lair:3   | 15636 ||| SWAPPING to +3 war axe.
 16164 | Lair:3   | 16164 ||| DROPPING amulet of magic regeneration.
 16165 | Lair:3   | 16165 ||| READING scroll labelled XUUSTR IJIEMUAZ.
 16193 | Lair:4   | 16193 ||| INVOKING Berserk.
 16344 | Lair:4   | 16344 ||| INVOKING Berserk.
 16601 | Lair:4   | Reached skill level 6 in Dodging
 16656 | Lair:4   | Noticed a death yak
 16657 | Lair:4   | 16657 ||| Stepping ~*~*~tactically~*~*~ (stealth).
 16660 | Lair:4   | Noticed a death yak
 16660 | Lair:4   | Noticed a death yak
 16661 | Lair:4   | Noticed a death yak
 16662 | Lair:4   | 16662 ||| Stepping ~*~*~tactically~*~*~ (stealth).
 16663 | Lair:4   | Noticed a death yak
 16665 | Lair:4   | 16665 ||| INVOKING Berserk.
 16665 | Lair:4   | Noticed a death yak
 16671 | Lair:4   | Killed a death yak
 16674 | Lair:4   | Killed a death yak
 16676 | Lair:4   | Killed a death yak
 16677 | Lair:4   | Killed a death yak
 16682 | Lair:4   | Killed a death yak
 16683 | Lair:4   | Reached skill level 15 in Fighting
 16683 | Lair:4   | Reached XP level 13. HP: 126/126 MP: 9/12
 16892 | Lair:4   | 16892 ||| INVOKING Berserk.
 17349 | Lair:4   | 17349 ||| READING scroll labelled QAHOANL USIUX.
 17415 | Lair:3   | 17415 ||| Stepping ~*~*~tactically~*~*~ (cloud).
 17423 | Lair:3   | 17423 ||| Stepping ~*~*~tactically~*~*~ (cloud).
 17424 | Lair:3   | 17424 ||| INVOKING Berserk.
 17629 | Lair:5   | Entered Level 5 of the Lair of Beasts
 17635 | Lair:5   | 17635 ||| DROPPING +3 flail of protection.
 17857 | Lair:5   | 17857 ||| INVOKING Berserk.
 18021 | Lair:5   | Found a viscous altar of Jiyva.
 18029 | Lair:5   | Found a staircase to the Slime Pits.
 18094 | Lair:5   | 18094 ||| INVOKING Berserk.
 18109 | Lair:5   | Reached skill level 15 in Armour
 18222 | Lair:5   | Found a runed translucent door.
 18224 | Lair:5   | 18224 ||| INVOKING Berserk.
 18353 | Lair:5   | 18353 ||| FLEEEEING.
 18354 | Lair:5   | 18354 ||| FLEEEEING.
 18355 | Lair:5   | 18355 ||| FLEEEEING.
 18356 | Lair:5   | 18356 ||| FLEEEEING.
 18357 | Lair:5   | 18357 ||| FLEEEEING.
 18358 | Lair:5   | 18358 ||| FLEEEEING.
 18359 | Lair:5   | 18359 ||| FLEEEEING.
 18360 | Lair:5   | 18360 ||| FLEEEEING.
 18361 | Lair:5   | 18361 ||| FLEEEEING.
 18364 | Lair:5   | 18364 ||| FLEEEEING.
 18365 | Lair:5   | 18365 ||| FLEEEEING.
 18366 | Lair:5   | 18366 ||| FLEEEEING.
 18367 | Lair:5   | 18367 ||| FLEEEEING.
 18369 | Lair:5   | 18369 ||| INVOKING Berserk.
 18490 | Lair:5   | 18490 ||| FLEEEEING.
 18493 | Lair:5   | 18493 ||| Stepping ~*~*~tactically~*~*~ (stealth).
 18496 | Lair:5   | 18496 ||| INVOKING Berserk.
 18599 | Lair:5   | 18599 ||| Stepping ~*~*~tactically~*~*~ (hiding).
 18618 | Lair:5   | 18618 ||| INVOKING Berserk.
 18769 | Lair:5   | 18769 ||| FLEEEEING.
 18773 | Lair:5   | 18773 ||| FLEEEEING.
 18774 | Lair:5   | 18774 ||| FLEEEEING.
 18775 | Lair:5   | 18775 ||| FLEEEEING.
 18776 | Lair:5   | 18776 ||| FLEEEEING.
 18777 | Lair:5   | 18777 ||| FLEEEEING.
 18778 | Lair:5   | 18778 ||| FLEEEEING.
 18779 | Lair:5   | 18779 ||| FLEEEEING.
 18780 | Lair:5   | 18780 ||| FLEEEEING.
 18781 | Lair:5   | 18781 ||| INVOKING Berserk.
 18921 | Lair:5   | 18921 ||| INVOKING Berserk.
 19122 | Lair:5   | 19122 ||| INVOKING Brothers in Arms.
 19123 | Lair:5   | 19123 ||| INVOKING Brothers in Arms.
 19124 | Lair:5   | 19124 ||| INVOKING Brothers in Arms.
 19125 | Lair:5   | 19125 ||| INVOKING Brothers in Arms.
 19126 | Lair:5   | 19126 ||| INVOKING Brothers in Arms.
 19127 | Lair:5   | 19127 ||| INVOKING Brothers in Arms.
 19128 | Lair:5   | 19128 ||| INVOKING Brothers in Arms.
 19129 | Lair:5   | 19129 ||| INVOKING Brothers in Arms.
 19130 | Lair:5   | 19130 ||| INVOKING Brothers in Arms.
 19131 | Lair:5   | 19131 ||| INVOKING Brothers in Arms.
 19132 | Lair:5   | 19132 ||| INVOKING Brothers in Arms.
 19133 | Lair:5   | 19133 ||| INVOKING Brothers in Arms.
 19134 | Lair:5   | 19134 ||| SWAPPING to +0 morningstar.
 19135 | Lair:5   | 19135 ||| INVOKING Berserk.
 19153 | Lair:5   | 19153 ||| SWAPPING to +3 spectral war axe.
 19294 | Lair:5   | Paralysed by a hornet for 1 turns
 19518 | Lair:5   | 19518 ||| Stepping ~*~*~tactically~*~*~ (stealth).
 19535 | Lair:5   | 19535 ||| Stepping ~*~*~tactically~*~*~ (stealth).
 19540 | Lair:5   | 19540 ||| Stepping ~*~*~tactically~*~*~ (hiding).
 19550 | Lair:5   | 19550 ||| INVOKING Berserk.
 19580 | Lair:5   | 19580 ||| Stepping ~*~*~tactically~*~*~ (stealth).
 19634 | Lair:5   | 19634 ||| Stepping ~*~*~tactically~*~*~ (stealth).
 19635 | Lair:5   | 19635 ||| Stepping ~*~*~tactically~*~*~ (stealth).
 19637 | Lair:5   | 19637 ||| INVOKING Berserk.
 19793 | Lair:5   | 19793 ||| INVOKING Berserk.
 19861 | Lair:5   | 19861 ||| Stepping ~*~*~tactically~*~*~ (stealth).
 19863 | Lair:5   | 19863 ||| Stepping ~*~*~tactically~*~*~ (hiding).
 19866 | Lair:5   | 19866 ||| INVOKING Berserk.
 19903 | Lair:5   | 19903 ||| Stepping ~*~*~tactically~*~*~ (stealth).
 19910 | Lair:5   | 19910 ||| Stepping ~*~*~tactically~*~*~ (stealth).
 19911 | Lair:5   | 19911 ||| Stepping ~*~*~tactically~*~*~ (stealth).
 19913 | Lair:5   | 19913 ||| Stepping ~*~*~tactically~*~*~ (stealth).
 19914 | Lair:5   | 19914 ||| Stepping ~*~*~tactically~*~*~ (stealth).
 19916 | Lair:5   | 19916 ||| Stepping ~*~*~tactically~*~*~ (stealth).
 19917 | Lair:5   | 19917 ||| Stepping ~*~*~tactically~*~*~ (stealth).
 19918 | Lair:5   | 19918 ||| Stepping ~*~*~tactically~*~*~ (stealth).
 19919 | Lair:5   | 19919 ||| Stepping ~*~*~tactically~*~*~ (stealth).
 19922 | Lair:5   | 19922 ||| Stepping ~*~*~tactically~*~*~ (hiding).
 20049 | Lair:5   | Identified the amulet of the Demon Prince {Reflect rElec
                  | rC+ rN+ SH+5 SInv}
 20073 | Lair:5   | Identified the +1 leather armour "Morchui" {*Slow Regen+
                  | Str+3}
 20079 | Lair:5   | Identified the +1 quarterstaff of Tender Mercy {protect,
                  | *Noise rPois Int-2 SInv}
 20086 | Lair:5   | 20086 ||| Stepping ~*~*~tactically~*~*~ (stealth).
 20093 | Lair:5   | 20093 ||| Stepping ~*~*~tactically~*~*~ (hiding).
 20167 | Lair:5   | 20167 ||| Stepping ~*~*~tactically~*~*~ (hiding).
 20235 | Lair:5   | 20235 ||| Stepping ~*~*~tactically~*~*~ (stealth).
 20249 | Lair:5   | 20249 ||| Stepping ~*~*~tactically~*~*~ (stealth).
 20267 | Lair:5   | 20267 ||| Stepping ~*~*~tactically~*~*~ (stealth).
 20418 | Lair:5   | 20418 ||| PLANNING D:1-11
 20418 | Lair:5   | 20418 ||| UPGRADING to amulet of the Demon Prince {Reflect
                  | rElec rC+ rN+ SH+5 SInv}.
 20428 | Lair:5   | 20428 ||| REMOVING ring of see invisible.
 20429 | Lair:5   | 20429 ||| DROPPING amulet of guardian spirit.
 20430 | Lair:5   | 20430 ||| UPGRADING to +6 ring of strength.
 20431 | Lair:5   | 20431 ||| READING scroll labelled FIN XECVAP.
 20431 | Lair:5   | Identified a scroll of acquirement
 20431 | Lair:5   | 20431 ||| ACQUIRING ring of Eternal Night {rC- Will++ AC+4
                  | Dex+3 SInv}
 20431 | Lair:5   | Acquired the ring of Eternal Night {rC- Will++ AC+4 Dex+3
                  | SInv}
 20433 | Lair:5   | 20433 ||| UPGRADING to ring of Eternal Night {rC- Will++
                  | AC+4 Dex+3 SInv}.
 20435 | Lair:5   | 20435 ||| UPGRADING to +6 ring of strength.
 20437 | Lair:5   | 20437 ||| DROPPING ring of positive energy.
 20541 | D:10     | Entered Level 10 of the Dungeon
 20544 | D:10     | 20544 ||| STAIRDANCE
 20550 | D:10     | 20550 ||| STAIRDANCE
 20555 | D:10     | Reached XP level 14. HP: 140/140 MP: 13/13
 20560 | D:10     | 20560 ||| INVOKING Brothers in Arms.
 20712 | D:10     | Found a viscous altar of Jiyva.
 20803 | D:10     | Found a shadowy altar of Dithmenos.
 21359 | D:10     | 21359 ||| INVOKING Brothers in Arms.
 21360 | D:10     | 21360 ||| INVOKING Brothers in Arms.
 21368 | D:10     | 21368 ||| INVOKING Berserk.
 21380 | D:10     | 21380 ||| READING 2 scrolls labelled IRONYAZOOKH.
 21381 | D:10     | 21381 ||| READING scroll of enchant weapon.
 21381 | D:10     | 21381 ||| ENCHANTING +3 spectral war axe.
 21382 | D:10     | 21382 ||| Stepping randomly (cloudy).
 21384 | D:10     | 21384 ||| Stepping randomly (cloudy).
 21385 | D:10     | 21385 ||| Stepping ~*~*~tactically~*~*~ (cloud).
 21398 | D:10     | 21398 ||| FLEEEEING.
 21399 | D:10     | 21399 ||| Stepping randomly (cloudy).
 21400 | D:10     | 21400 ||| FLEEEEING.
 21407 | D:10     | 21407 ||| FLEEEEING.
 21408 | D:10     | 21408 ||| FLEEEEING.
 21409 | D:10     | 21409 ||| FLEEEEING.
 21410 | D:10     | 21410 ||| FLEEEEING.
 21411 | D:10     | 21411 ||| FLEEEEING.
 21414 | D:10     | 21414 ||| STAIRDANCE
 21649 | D:11     | 21649 ||| STAIRDANCE
 21690 | D:11     | 21690 ||| STAIRDANCE
 21692 | D:10     | 21692 ||| SWAPPING to +0 morningstar.
 21693 | D:10     | 21693 ||| INVOKING Berserk.
 21766 | D:10     | 21766 ||| SWAPPING to +4 spectral war axe.
 21793 | D:11     | 21793 ||| Stepping ~*~*~tactically~*~*~ (hiding).
 21839 | D:11     | Noticed Snorg
 21841 | D:11     | 21841 ||| INVOKING Berserk.
 21844 | D:11     | Killed Snorg
 21845 | D:11     | Reached skill level 9 in Dodging
 21973 | D:11     | 21973 ||| Stepping ~*~*~tactically~*~*~ (hiding).
 21977 | D:11     | 21977 ||| INVOKING Berserk.
 22343 | D:11     | 22343 ||| Stepping ~*~*~tactically~*~*~ (stealth).
 22344 | D:11     | 22344 ||| INVOKING Brothers in Arms.
 22345 | D:11     | 22345 ||| Stepping ~*~*~tactically~*~*~ (stealth).
 22346 | D:11     | 22346 ||| INVOKING Brothers in Arms.
 22347 | D:11     | 22347 ||| SWAPPING to +0 morningstar.
 22348 | D:11     | 22348 ||| INVOKING Berserk.
 22362 | D:11     | 22362 ||| SWAPPING to +4 spectral war axe.
 22490 | D:11     | 22490 ||| READING scroll of enchant armour.
 22490 | D:11     | 22490 ||| ENCHANTING +0 pair of gloves.
 22672 | D:11     | 22672 ||| FLEEEEING.
 22673 | D:11     | 22673 ||| FLEEEEING.
 22674 | D:11     | 22674 ||| FLEEEEING.
 22675 | D:11     | 22675 ||| FLEEEEING.
 22676 | D:11     | 22676 ||| FLEEEEING.
 22677 | D:11     | 22677 ||| FLEEEEING.
 22678 | D:11     | 22678 ||| FLEEEEING.
 22684 | D:11     | 22684 ||| FLEEEEING.
 22685 | D:11     | 22685 ||| FLEEEEING.
 22921 | D:11     | 22921 ||| FLEEEEING.
 22922 | D:11     | 22922 ||| FLEEEEING.
 22923 | D:11     | 22923 ||| FLEEEEING.
 22924 | D:11     | 22924 ||| FLEEEEING.
 22925 | D:11     | 22925 ||| FLEEEEING.
 22926 | D:11     | 22926 ||| FLEEEEING.
 22927 | D:11     | 22927 ||| FLEEEEING.
 22928 | D:11     | 22928 ||| FLEEEEING.
 22929 | D:11     | 22929 ||| FLEEEEING.
 22930 | D:11     | 22930 ||| STAIRDANCE
 22979 | D:10     | 22979 ||| READING 9 scrolls of identify.
 22979 | D:10     | 22979 ||| IDENTIFYING lumpy sapphire potion
 23156 | D:11     | 23156 ||| PLANNING D
 23176 | D:12     | Noticed Joseph
 23177 | D:12     | 23177 ||| Stepping ~*~*~tactically~*~*~ (hiding).
 23178 | D:12     | 23178 ||| Stepping ~*~*~tactically~*~*~ (hiding).
 23179 | D:12     | 23179 ||| Stepping ~*~*~tactically~*~*~ (hiding).
 23180 | D:12     | 23180 ||| Stepping ~*~*~tactically~*~*~ (hiding).
 23182 | D:12     | Killed Joseph
 23183 | D:12     | 23183 ||| Stepping ~*~*~tactically~*~*~ (hiding).
 23184 | D:12     | 23184 ||| Stepping ~*~*~tactically~*~*~ (hiding).
 23185 | D:12     | 23185 ||| Stepping ~*~*~tactically~*~*~ (hiding).
 23200 | D:12     | 23200 ||| Stepping ~*~*~tactically~*~*~ (hiding).
 23201 | D:12     | 23201 ||| Stepping ~*~*~tactically~*~*~ (hiding).
 23229 | D:12     | 23229 ||| FLEEEEING.
 23230 | D:12     | 23230 ||| FLEEEEING.
 23235 | D:12     | Reached skill level 18 in Fighting
 23337 | D:12     | Found a staircase to the Orcish Mines.
 23434 | D:12     | 23434 ||| INVOKING Brothers in Arms.
 23436 | D:12     | 23436 ||| SWAPPING to +0 morningstar.
 23437 | D:12     | 23437 ||| INVOKING Berserk.
 23442 | D:12     | 23442 ||| SWAPPING to +4 spectral war axe.
 23561 | D:12     | 23561 ||| Stepping ~*~*~tactically~*~*~ (stealth).
 23571 | D:12     | Found a portal to a secret trove of treasure.
 23709 | D:12     | 23709 ||| Stepping ~*~*~tactically~*~*~ (hiding).
 23710 | D:12     | 23710 ||| Stepping ~*~*~tactically~*~*~ (hiding).
 23918 | D:13     | 23918 ||| INVOKING Brothers in Arms.
 23919 | D:13     | 23919 ||| INVOKING Brothers in Arms.
 23920 | D:13     | 23920 ||| SWAPPING to +0 morningstar.
 23921 | D:13     | 23921 ||| INVOKING Berserk.
 24180 | D:13     | 24180 ||| SWAPPING to +4 spectral war axe.
 24221 | D:13     | Found a gate to the Vaults.
 24221 | D:13     | Noticed an ironbound preserver
 24228 | D:13     | Killed an ironbound preserver
 24266 | D:13     | 24266 ||| FLEEEEING.
 24267 | D:13     | 24267 ||| FLEEEEING.
 24268 | D:13     | 24268 ||| FLEEEEING.
 24271 | D:13     | 24271 ||| FLEEEEING.
 24272 | D:13     | 24272 ||| FLEEEEING.
 24273 | D:13     | 24273 ||| FLEEEEING.
 24274 | D:13     | 24274 ||| FLEEEEING.
 24275 | D:13     | 24275 ||| FLEEEEING.
 24277 | D:13     | 24277 ||| FLEEEEING.
 24278 | D:13     | 24278 ||| FLEEEEING.
 24279 | D:13     | 24279 ||| STAIRDANCE
 24352 | D:12     | 24352 ||| READING 9 scrolls of identify.
 24352 | D:12     | 24352 ||| IDENTIFYING fuming pink potion
 24355 | D:13     | 24355 ||| STAIRDANCE
 24491 | D:13     | Reached skill level 6 in Throwing
 24562 | D:13     | 24562 ||| INVOKING Berserk.
 24691 | D:13     | Found a stormy altar of Qazlal.
 24959 | D:13     | Identified the +6 morningstar of Sugiev {pain, rN+ SInv}
 24961 | D:13     | 24961 ||| DROPPING +6 morningstar of Sugiev {pain, rN+
                  | SInv}.
 25098 | D:13     | 25098 ||| Stepping ~*~*~tactically~*~*~ (hiding).
 25110 | D:13     | 25110 ||| Stepping ~*~*~tactically~*~*~ (hiding).
 25276 | D:13     | 25276 ||| READING scroll of enchant weapon.
 25276 | D:13     | 25276 ||| ENCHANTING +4 spectral war axe.
 25563 | D:13     | 25563 ||| DROPPING scarf of harm.
 25819 | D:14     | You fall into a shaft and drop 1 floor!
 25819 | D:15     | Entered Level 15 of the Dungeon
 25932 | D:14     | Reached XP level 15. HP: 149/149 MP: 14/14
 25978 | D:14     | 25978 ||| Stepping ~*~*~tactically~*~*~ (hiding).
 26126 | D:14     | 26126 ||| Stepping ~*~*~tactically~*~*~ (hiding).
 26193 | D:14     | Found a white marble altar of Elyvilon.
 26194 | D:14     | Found a glowing golden altar of the Shining One.
 26197 | D:14     | Found a glowing silver altar of Zin.
 26491 | D:14     | 26491 ||| Stepping ~*~*~tactically~*~*~ (hiding).
 26611 | D:14     | 26611 ||| READING scroll of enchant weapon.
 26611 | D:14     | 26611 ||| ENCHANTING +5 spectral war axe.
 26625 | D:14     | 26625 ||| SWAPPING to +0 morningstar.
 26626 | D:14     | 26626 ||| INVOKING Berserk.
 26675 | D:14     | 26675 ||| SWAPPING to +6 spectral war axe.
 26893 | D:14     | 26893 ||| DROPPING ring of willpower.
 26894 | D:14     | 26894 ||| DRINKING 2 sapphire potions.
 26895 | D:14     | 26895 ||| DROPPING potion of invisibility.
 26944 | D:15     | 26944 ||| INVOKING Berserk.
 27130 | D:15     | 27130 ||| Stepping ~*~*~tactically~*~*~ (hiding).
 27132 | D:15     | 27132 ||| Stepping ~*~*~tactically~*~*~ (hiding).
 27133 | D:15     | 27133 ||| Stepping ~*~*~tactically~*~*~ (hiding).
 27149 | D:15     | 27149 ||| FLEEEEING.
 27159 | D:15     | 27159 ||| FLEEEEING.
 27160 | D:15     | 27160 ||| FLEEEEING.
 27161 | D:15     | 27161 ||| FLEEEEING.
 27162 | D:15     | 27162 ||| FLEEEEING.
 27163 | D:15     | 27163 ||| FLEEEEING.
 27164 | D:15     | 27164 ||| FLEEEEING.
 27165 | D:15     | 27165 ||| FLEEEEING.
 27166 | D:15     | 27166 ||| FLEEEEING.
 27167 | D:15     | 27167 ||| FLEEEEING.
 27168 | D:15     | 27168 ||| FLEEEEING.
 27169 | D:15     | 27169 ||| FLEEEEING.
 27170 | D:15     | 27170 ||| FLEEEEING.
 27171 | D:15     | 27171 ||| FLEEEEING.
 27172 | D:15     | 27172 ||| FLEEEEING.
 27173 | D:15     | 27173 ||| STAIRDANCE
 27309 | D:15     | 27309 ||| INVOKING Trog's Hand.
 27473 | D:15     | 27473 ||| Stepping ~*~*~tactically~*~*~ (hiding).
 27474 | D:15     | 27474 ||| Stepping ~*~*~tactically~*~*~ (stealth).
 27480 | D:15     | 27480 ||| INVOKING Berserk.
 27494 | D:15     | Reached skill level 9 in Throwing
 27545 | D:15     | 27545 ||| Stepping ~*~*~tactically~*~*~ (stealth).
 27550 | D:15     | Reached ***** piety under Trog
 27618 | D:15     | 27618 ||| Stepping ~*~*~tactically~*~*~ (hiding).
 27628 | D:15     | 27628 ||| INVOKING Trog's Hand.
 27633 | D:15     | 27633 ||| INVOKING Berserk.
 27983 | D:15     | 27983 ||| Stepping ~*~*~tactically~*~*~ (stealth).
 27985 | D:15     | 27985 ||| Stepping ~*~*~tactically~*~*~ (stealth).
 27993 | D:15     | 27993 ||| Stepping ~*~*~tactically~*~*~ (stealth).
 28009 | D:15     | Found a staircase to the Depths.
 28034 | D:15     | 28034 ||| INVOKING Trog's Hand.
 28062 | D:15     | 28062 ||| PLANNING ORC
 28062 | D:15     | 28062 ||| UPGRADING to +0 buckler.
 28212 | Orc:1    | Entered Level 1 of the Orcish Mines
 28270 | Orc:1    | 28270 ||| Stepping ~*~*~tactically~*~*~ (stealth).
 28271 | Orc:1    | 28271 ||| Stepping ~*~*~tactically~*~*~ (stealth).
 28273 | Orc:1    | 28273 ||| Stepping ~*~*~tactically~*~*~ (hiding).
 28330 | Orc:1    | 28330 ||| Stepping ~*~*~tactically~*~*~ (stealth).
 28332 | Orc:1    | 28332 ||| Stepping ~*~*~tactically~*~*~ (hiding).
 28341 | Orc:1    | 28341 ||| INVOKING Trog's Hand.
 28344 | Orc:1    | Reached skill level 1 in Shields
 28347 | Orc:1    | 28347 ||| INVOKING Berserk.
 28349 | Orc:1    | Gained mutation: You occasionally lose the ability to read
                  | scrolls when taking damage. [a neqoxec]
 28357 | Orc:1    | Reached skill level 3 in Shields
 28467 | Orc:1    | 28467 ||| DRINKING 2 potions of mutation.
 28467 | Orc:1    | Lost mutation: You occasionally lose the ability to read
                  | scrolls when taking damage. [potion of mutation]
 28467 | Orc:1    | Gained mutation: Your system is resistant to poisons.
                  | (rPois) [potion of mutation]
 28467 | Orc:1    | Gained mutation: You expend magic power (3 MP) to
                  | strengthen your wands. [potion of mutation]
 28600 | Orc:1    | 28600 ||| Stepping ~*~*~tactically~*~*~ (hiding).
 28605 | Orc:1    | 28605 ||| Stepping ~*~*~tactically~*~*~ (stealth).
 28619 | Orc:1    | 28619 ||| Stepping ~*~*~tactically~*~*~ (hiding).
 28620 | Orc:1    | 28620 ||| Stepping ~*~*~tactically~*~*~ (hiding).
 28870 | Orc:2    | Entered Level 2 of the Orcish Mines
 28870 | Orc:2    | Noticed Saint Roka
 28871 | Orc:2    | 28871 ||| INVOKING Brothers in Arms.
 28879 | Orc:2    | 28879 ||| INVOKING Berserk.
 28886 | Orc:2    | Killed Saint Roka
 29007 | Orc:2    | 29007 ||| Stepping ~*~*~tactically~*~*~ (stealth).
 29015 | Orc:2    | 29015 ||| Stepping ~*~*~tactically~*~*~ (stealth).
 29017 | Orc:2    | Found a staircase to the Elven Halls.
 29052 | Orc:2    | 29052 ||| Stepping ~*~*~tactically~*~*~ (stealth).
 29053 | Orc:2    | 29053 ||| Stepping ~*~*~tactically~*~*~ (stealth).
 29054 | Orc:2    | 29054 ||| Stepping ~*~*~tactically~*~*~ (stealth).
 29304 | Orc:2    | Reached skill level 6 in Shields
 29305 | Orc:2    | Found a transporter.
 29305 | Orc:2    | Noticed Maurice
 29322 | Orc:2    | Killed Maurice
 29371 | Orc:2    | Noticed qw's ghost (journeyman GrFi)
 29372 | Orc:2    | Identified the +8 great mace "Zufeadwo" {vorpal, MP+9}
 29410 | Orc:2    | Found a transporter.
 29440 | Orc:2    | 29440 ||| Stepping ~*~*~tactically~*~*~ (hiding).
 29449 | Orc:2    | 29449 ||| Stepping ~*~*~tactically~*~*~ (hiding).
 29451 | Orc:2    | 29451 ||| INVOKING Berserk.
 29467 | Orc:2    | Found Roesk's Antique Armour Emporium.
 29487 | Orc:2    | 29487 ||| Stepping ~*~*~tactically~*~*~ (stealth).
 29490 | Orc:2    | 29490 ||| INVOKING Brothers in Arms.
 29491 | Orc:2    | 29491 ||| INVOKING Trog's Hand.
 29664 | Orc:2    | Found Hemi's Antique Weapon Boutique.
 29670 | Orc:2    | 29670 ||| BUYING dazzling fire dragon scales (1820 gold).
 29670 | Orc:2    | Bought dazzling fire dragon scales for 1820 gold pieces
 29670 | Orc:2    | Identified the +4 fire dragon scales of Umyzxie {rPois rF++
                  | rC-} (You bought it in a shop on level 2 of the Orcish
                  | Mines)
 29670 | Orc:2    | 29670 ||| BUYING runed chain mail (210 gold).
 29670 | Orc:2    | Bought a runed chain mail for 210 gold pieces
 29673 | Orc:2    | Found Iwud's General Store.
 29675 | Orc:2    | Found Mudoyxti's Armour Emporium.
 29681 | Orc:2    | 29681 ||| BUYING potion of curing (42 gold).
 29681 | Orc:2    | Bought a potion of curing for 42 gold pieces
 29731 | Orc:2    | Found Jiovisot's Magic Scroll Boutique.
 29742 | Orc:2    | 29742 ||| BUYING scroll of teleportation (45 gold).
 29742 | Orc:2    | Bought a scroll of teleportation for 45 gold pieces
 29912 | Orc:2    | Received a gift from Trog
 29920 | Orc:2    | 29920 ||| PLANNING SPIDER:1-3
 29920 | Orc:2    | 29920 ||| UPGRADING to +3 plate armour of cold resistance.
 29930 | Orc:2    | 29930 ||| DROPPING +0 plate armour.
 30097 | Spider:1 | Entered Level 1 of the Spider Nest
 30117 | Spider:1 | 30117 ||| Stepping ~*~*~tactically~*~*~ (stealth).
 30118 | Spider:1 | 30118 ||| Stepping ~*~*~tactically~*~*~ (stealth).
 30142 | Spider:1 | Reached skill level 9 in Shields
 30176 | Spider:1 | 30176 ||| Stepping ~*~*~tactically~*~*~ (stealth).
 30186 | Spider:1 | 30186 ||| Stepping ~*~*~tactically~*~*~ (stealth).
 30190 | Spider:1 | 30190 ||| INVOKING Berserk.
 30276 | Spider:1 | 30276 ||| Stepping ~*~*~tactically~*~*~ (stealth).
 30513 | Spider:1 | 30513 ||| Stepping ~*~*~tactically~*~*~ (stealth).
 30840 | Spider:1 | 30840 ||| Stepping ~*~*~tactically~*~*~ (hiding).
 30847 | Spider:1 | 30847 ||| INVOKING Brothers in Arms.
 30856 | Spider:1 | Reached XP level 16. HP: 116/160 MP: 15/15
 31209 | Spider:1 | 31209 ||| Stepping ~*~*~tactically~*~*~ (stealth).
 31211 | Spider:1 | 31211 ||| Stepping ~*~*~tactically~*~*~ (stealth).
 31312 | Spider:1 | 31312 ||| Stepping ~*~*~tactically~*~*~ (stealth).
 31313 | Spider:1 | 31313 ||| Stepping ~*~*~tactically~*~*~ (stealth).
 31314 | Spider:1 | 31314 ||| Stepping ~*~*~tactically~*~*~ (stealth).
 31315 | Spider:1 | 31315 ||| Stepping ~*~*~tactically~*~*~ (stealth).
 31399 | Spider:1 | 31399 ||| DROPPING amulet of reflection.
 31426 | Spider:2 | 31426 ||| INVOKING Berserk.
 31441 | Spider:2 | 31441 ||| FLEEEEING.
 31442 | Spider:2 | 31442 ||| FLEEEEING.
 31444 | Spider:2 | 31444 ||| STAIRDANCE
 31456 | Spider:1 | 31456 ||| Stepping ~*~*~tactically~*~*~ (hiding).
 31566 | Spider:2 | 31566 ||| STAIRDANCE
 31570 | Spider:2 | 31570 ||| INVOKING Berserk.
 31582 | Spider:2 | 31582 ||| STAIRDANCE
 31930 | Spider:2 | 31930 ||| INVOKING Berserk.
 31941 | Spider:2 | Reached skill level 18 in Armour
 32081 | Spider:2 | 32081 ||| Stepping ~*~*~tactically~*~*~ (hiding).
 32085 | Spider:2 | 32085 ||| INVOKING Berserk.
 32171 | Spider:2 | 32171 ||| Stepping ~*~*~tactically~*~*~ (stealth).
 32219 | Spider:2 | 32219 ||| Stepping ~*~*~tactically~*~*~ (stealth).
 32259 | Spider:2 | 32259 ||| Stepping ~*~*~tactically~*~*~ (stealth).
 32261 | Spider:2 | 32261 ||| Stepping ~*~*~tactically~*~*~ (stealth).
 32266 | Spider:2 | 32266 ||| Stepping randomly (cloudy).
 32276 | Spider:2 | 32276 ||| SWAPPING to +0 morningstar.
 32277 | Spider:2 | 32277 ||| Stepping ~*~*~tactically~*~*~ (outnumbered).
 32279 | Spider:2 | 32279 ||| Stepping ~*~*~tactically~*~*~ (outnumbered).
 32281 | Spider:2 | 32281 ||| SWAPPING to +6 spectral war axe.
 32283 | Spider:2 | 32283 ||| Stepping randomly (cloudy).
 32284 | Spider:2 | 32284 ||| Stepping randomly (cloudy).
 32482 | Spider:2 | 32482 ||| Stepping ~*~*~tactically~*~*~ (stealth).
 32483 | Spider:2 | 32483 ||| Stepping ~*~*~tactically~*~*~ (stealth).
 32500 | Spider:2 | 32500 ||| Stepping ~*~*~tactically~*~*~ (stealth).
 32505 | Spider:2 | 32505 ||| Stepping ~*~*~tactically~*~*~ (stealth).
 32608 | Spider:2 | Reached skill level 12 in Shields
 32771 | Spider:2 | 32771 ||| INVOKING Berserk.
 32904 | Spider:2 | 32904 ||| FLEEEEING.
 32905 | Spider:2 | 32905 ||| FLEEEEING.
 32906 | Spider:2 | 32906 ||| FLEEEEING.
 32907 | Spider:2 | 32907 ||| FLEEEEING.
 32908 | Spider:2 | 32908 ||| FLEEEEING.
 32909 | Spider:2 | 32909 ||| FLEEEEING.
 32910 | Spider:2 | 32910 ||| STAIRDANCE
 32944 | Spider:2 | 32944 ||| INVOKING Berserk.
 33419 | Spider:3 | 33419 ||| Stepping ~*~*~tactically~*~*~ (hiding).
 33529 | Spider:3 | 33529 ||| Stepping ~*~*~tactically~*~*~ (hiding).
 33531 | Spider:3 | 33531 ||| Stepping ~*~*~tactically~*~*~ (hiding).
 33534 | Spider:3 | 33534 ||| INVOKING Brothers in Arms.
 33574 | Spider:3 | 33574 ||| INVOKING Brothers in Arms.
 33903 | Spider:3 | 33903 ||| Stepping ~*~*~tactically~*~*~ (stealth).
 34005 | Spider:3 | Lost intelligence.
 34040 | Spider:3 | 34040 ||| Stepping ~*~*~tactically~*~*~ (hiding).
 34044 | Spider:3 | 34044 ||| INVOKING Berserk.
 34347 | Spider:3 | 34347 ||| PLANNING SHOALS:1-3
 34347 | Spider:3 | 34347 ||| DROPPING ring of ice.
 34457 | Shoals:1 | Entered Level 1 of the Shoals
 34723 | Shoals:1 | 34723 ||| Stepping ~*~*~tactically~*~*~ (hiding).
 34838 | Shoals:1 | 34838 ||| Stepping ~*~*~tactically~*~*~ (hiding).
 34839 | Shoals:1 | 34839 ||| Stepping ~*~*~tactically~*~*~ (hiding).
 34900 | Shoals:1 | Identified the +8 rapier of the Imperium {venom, rF++ SInv}
 35267 | Shoals:1 | 35267 ||| UPGRADING to +1 hat.
 35299 | Shoals:2 | 35299 ||| INVOKING Berserk.
 35362 | Shoals:2 | Identified the +4 broad axe "Toluts" {vorpal, Int+3}
 35364 | Shoals:2 | 35364 ||| SWAPPING to +4 broad axe "Toluts" {vorpal,
                  | Int+3}.
 35365 | Shoals:2 | 35365 ||| DROPPING +6 spectral war axe.
 35383 | Shoals:2 | Identified the +1 spear of Dim Light {freeze, Drain rElec
                  | Int+4}
 35394 | Shoals:2 | 35394 ||| INVOKING Berserk.
 35491 | Shoals:2 | Found Qoro's Island Escapes.
 35503 | Shoals:2 | 35503 ||| READING 10 scrolls of teleportation.
 35504 | Shoals:2 | 35504 ||| FLEEEEING.
 35505 | Shoals:2 | 35505 ||| FLEEEEING.
 35511 | Shoals:2 | You fall into a shaft and drop 1 floor!
 35832 | Shoals:3 | 35832 ||| Stepping ~*~*~tactically~*~*~ (hiding).
 35889 | Shoals:3 | Noticed Kirke
 35890 | Shoals:3 | 35890 ||| INVOKING Trog's Hand.
 35891 | Shoals:3 | 35891 ||| INVOKING Brothers in Arms.
 35893 | Shoals:3 | 35893 ||| INVOKING Berserk.
 35899 | Shoals:3 | Killed Kirke
 35899 | Shoals:3 | Received a gift from Trog
 35908 | Shoals:3 | Noticed Polyphemus
 35921 | Shoals:3 | Killed Polyphemus
 35986 | Shoals:2 | 35986 ||| INVOKING Berserk.
 36034 | Shoals:2 | 36034 ||| Stepping ~*~*~tactically~*~*~ (hiding).
 36189 | Shoals:2 | 36189 ||| INVOKING Berserk.
 36305 | Shoals:2 | 36305 ||| Stepping ~*~*~tactically~*~*~ (stealth).
 36309 | Shoals:2 | 36309 ||| READING scroll of enchant armour.
 36309 | Shoals:2 | 36309 ||| ENCHANTING +1 pair of gloves.
 36362 | Shoals:2 | 36362 ||| INVOKING Berserk.
 36539 | Shoals:2 | Reached XP level 17. HP: 170/170 MP: 16/16
 36573 | Shoals:2 | 36573 ||| Stepping ~*~*~tactically~*~*~ (stealth).
 36659 | Shoals:2 | 36659 ||| Stepping ~*~*~tactically~*~*~ (hiding).
 36739 | Shoals:2 | 36739 ||| INVOKING Berserk.
 37081 | Shoals:3 | 37081 ||| INVOKING Trog's Hand.
 37082 | Shoals:3 | 37082 ||| INVOKING Brothers in Arms.
 37125 | Shoals:3 | 37125 ||| Stepping ~*~*~tactically~*~*~ (hiding).
 37243 | Shoals:3 | Reached skill level 18 in Axes
 37256 | Shoals:3 | 37256 ||| Stepping ~*~*~tactically~*~*~ (stealth).
 37257 | Shoals:3 | 37257 ||| Stepping ~*~*~tactically~*~*~ (hiding).
 37264 | Shoals:3 | 37264 ||| Stepping ~*~*~tactically~*~*~ (cloud).
 37270 | Shoals:3 | 37270 ||| Stepping ~*~*~tactically~*~*~ (water).
 37272 | Shoals:3 | 37272 ||| Stepping ~*~*~tactically~*~*~ (cloud).
 37275 | Shoals:3 | 37275 ||| Stepping ~*~*~tactically~*~*~ (cloud).
 37280 | Shoals:3 | 37280 ||| FLEEEEING.
 37281 | Shoals:3 | 37281 ||| FLEEEEING.
 37282 | Shoals:3 | 37282 ||| FLEEEEING.
 37283 | Shoals:3 | 37283 ||| FLEEEEING.
 37284 | Shoals:3 | 37284 ||| FLEEEEING.
 37285 | Shoals:3 | 37285 ||| FLEEEEING.
 37286 | Shoals:3 | 37286 ||| FLEEEEING.
 37287 | Shoals:3 | 37287 ||| FLEEEEING.
 37288 | Shoals:3 | 37288 ||| FLEEEEING.
 37289 | Shoals:3 | 37289 ||| FLEEEEING.
 37299 | Shoals:3 | 37299 ||| STAIRDANCE
 37547 | Shoals:3 | 37547 ||| Stepping ~*~*~tactically~*~*~ (water).
 37714 | Shoals:3 | 37714 ||| PLANNING SPIDER:4
 37877 | Spider:4 | Entered Level 4 of the Spider Nest
 37904 | Spider:4 | 37904 ||| FLEEEEING.
 37905 | Spider:4 | 37905 ||| FLEEEEING.
 37906 | Spider:4 | 37906 ||| FLEEEEING.
 37915 | Spider:4 | 37915 ||| INVOKING Berserk.
 37931 | Spider:4 | 37931 ||| Stepping ~*~*~tactically~*~*~ (stealth).
 37937 | Spider:4 | 37937 ||| Stepping ~*~*~tactically~*~*~ (stealth).
 37938 | Spider:4 | 37938 ||| Stepping ~*~*~tactically~*~*~ (hiding).
 38069 | Spider:4 | Noticed Donald
 38075 | Spider:4 | 38075 ||| INVOKING Berserk.
 38084 | Spider:4 | Killed Donald
 38183 | Spider:4 | 38183 ||| INVOKING Brothers in Arms.
 38184 | Spider:4 | 38184 ||| INVOKING Brothers in Arms.
 38186 | Spider:4 | 38186 ||| INVOKING Berserk.
 38213 | Spider:4 | 38213 ||| INVOKING Brothers in Arms.
 38226 | Spider:4 | 38226 ||| INVOKING Brothers in Arms.
 38228 | Spider:4 | HP: 28/172 [disintegration (38)]
 38229 | Spider:4 | 38229 ||| READING 9 scrolls of teleportation.
 38230 | Spider:4 | 38230 ||| DRINKING 7 potions of heal wounds.
 38231 | Spider:4 | 38231 ||| READING 8 scrolls of teleportation.
 38232 | Spider:4 | 38232 ||| DRINKING 6 potions of heal wounds.
 38247 | Spider:4 | 38247 ||| Stepping ~*~*~tactically~*~*~ (stealth).
 38248 | Spider:4 | 38248 ||| Stepping ~*~*~tactically~*~*~ (stealth).
 38265 | Spider:4 | 38265 ||| Stepping ~*~*~tactically~*~*~ (stealth).
 38266 | Spider:4 | 38266 ||| INVOKING Berserk.
 38273 | Spider:4 | 38273 ||| Stepping ~*~*~tactically~*~*~ (stealth).
 38274 | Spider:4 | 38274 ||| Stepping ~*~*~tactically~*~*~ (stealth).
 38290 | Spider:4 | HP: 41/172 [jumping spider (8)]
 38291 | Spider:4 | 38291 ||| READING 7 scrolls of teleportation.
 38292 | Spider:4 | 38292 ||| DRINKING 5 potions of heal wounds.
 38311 | Spider:4 | 38311 ||| INVOKING Berserk.
 38317 | Spider:4 | Reached skill level 21 in Fighting
 38337 | Spider:4 | 38337 ||| Stepping ~*~*~tactically~*~*~ (water).
 38347 | Spider:4 | HP: 41/173 [emperor scorpion (5)]
 38348 | Spider:4 | 38348 ||| READING 6 scrolls of teleportation.
 38349 | Spider:4 | 38349 ||| DRINKING 4 potions of heal wounds.
 38349 | Spider:4 | Found the +0 mask of the Dragon {Will+ Slay+3 SInv}
 38353 | Spider:4 | 38353 ||| INVOKING Brothers in Arms.
 38367 | Spider:4 | 38367 ||| INVOKING Berserk.
 38369 | Spider:4 | HP: 62/259 [poisoned by a wolf spider]
 38374 | Spider:4 | HP: 53/259 [poisoned by a wolf spider]
 38379 | Spider:4 | HP: 43/259 [poisoned by a wolf spider]
 38384 | Spider:4 | HP: 40/259 [poisoned by a wolf spider]
 38386 | Spider:4 | 38386 ||| DRINKING 3 potions of heal wounds.
 38392 | Spider:4 | HP: 42/173 [emperor scorpion (5)]
 38393 | Spider:4 | 38393 ||| READING 5 scrolls of teleportation.
 38394 | Spider:4 | 38394 ||| DRINKING 2 potions of heal wounds.
 38395 | Spider:4 | 38395 ||| DRINKING potion of heal wounds.
 38683 | Spider:4 | 38683 ||| DROPPING +0 morningstar.
 38687 | Spider:4 | Got a gossamer rune of Zot
 38690 | Spider:4 | 38690 ||| Stepping ~*~*~tactically~*~*~ (stealth).
 38692 | Spider:4 | 38692 ||| INVOKING Berserk.
 38706 | Spider:4 | 38706 ||| Stepping ~*~*~tactically~*~*~ (stealth).
 38834 | Spider:4 | 38834 ||| Stepping ~*~*~tactically~*~*~ (stealth).
 38842 | Spider:4 | 38842 ||| INVOKING Berserk.
 39162 | Spider:4 | 39162 ||| INVOKING Berserk.
 39333 | Spider:4 | 39333 ||| Stepping ~*~*~tactically~*~*~ (stealth).
 39334 | Spider:4 | 39334 ||| Stepping ~*~*~tactically~*~*~ (stealth).
 39336 | Spider:4 | 39336 ||| INVOKING Brothers in Arms.
 39650 | Spider:4 | 39650 ||| Stepping ~*~*~tactically~*~*~ (hiding).
 39656 | Spider:4 | 39656 ||| INVOKING Berserk.
 39795 | Spider:4 | Identified the +1 hat of Refuge {rPois rN+ Str-4 Int+5}
 39797 | Spider:4 | 39797 ||| PLANNING VAULTS:1-4
 39797 | Spider:4 | 39797 ||| UPGRADING to +0 mask of the Dragon {Will+ Slay+3
                  | SInv}.
 39807 | Spider:4 | 39807 ||| DROPPING +1 hat.
 39808 | Spider:4 | 39808 ||| UPGRADING to +0 kite shield.
 39818 | Spider:4 | 39818 ||| DROPPING +0 buckler.
 39819 | Spider:4 | 39819 ||| DROPPING +2 hat of intelligence.
 39820 | Spider:4 | 39820 ||| UPGRADING to scarf of repulsion.
 39830 | Spider:4 | 39830 ||| DROPPING +1 hat of Refuge {rPois rN+ Str-4
                  | Int+5}.
 40064 | Vaults:1 | Entered Level 1 of the Vaults
 40281 | Vaults:1 | 40281 ||| Stepping ~*~*~tactically~*~*~ (hiding).
 40401 | Vaults:1 | 40401 ||| READING scroll of enchant armour.
 40401 | Vaults:1 | 40401 ||| ENCHANTING +0 pair of boots.
 40427 | Vaults:1 | 40427 ||| INVOKING Trog's Hand.
 40462 | Vaults:1 | 40462 ||| Stepping ~*~*~tactically~*~*~ (stealth).
 40464 | Vaults:1 | 40464 ||| INVOKING Trog's Hand.
 40481 | Vaults:1 | 40481 ||| Stepping ~*~*~tactically~*~*~ (hiding).
 40483 | Vaults:1 | 40483 ||| Stepping ~*~*~tactically~*~*~ (hiding).
 40490 | Vaults:1 | 40490 ||| INVOKING Trog's Hand.
 40818 | Vaults:1 | 40818 ||| INVOKING Trog's Hand.
 41121 | Vaults:1 | 41121 ||| Stepping ~*~*~tactically~*~*~ (hiding).
 41123 | Vaults:1 | 41123 ||| Stepping ~*~*~tactically~*~*~ (hiding).
 41126 | Vaults:1 | 41126 ||| Stepping ~*~*~tactically~*~*~ (hiding).
 41128 | Vaults:1 | 41128 ||| INVOKING Trog's Hand.
 41136 | Vaults:1 | Reached XP level 18. HP: 182/182 MP: 17/17
 41136 | Vaults:1 | 41136 ||| DROPPING +0 eveningstar.
 41151 | Vaults:1 | Reached skill level 15 in Shields
 41157 | Vaults:1 | 41157 ||| Stepping ~*~*~tactically~*~*~ (stealth).
 41163 | Vaults:1 | 41163 ||| Stepping ~*~*~tactically~*~*~ (stealth).
 41164 | Vaults:1 | 41164 ||| INVOKING Berserk.
 41388 | Vaults:1 | Identified the +7 long sword of the Many Tusks {vamp, rF+
                  | Str+3}
 41389 | Vaults:1 | 41389 ||| Stepping ~*~*~tactically~*~*~ (stealth).
 41396 | Vaults:1 | 41396 ||| INVOKING Trog's Hand.
 41487 | Vaults:1 | 41487 ||| INVOKING Trog's Hand.
 41499 | Vaults:1 | 41499 ||| INVOKING Berserk.
 41791 | Vaults:1 | 41791 ||| INVOKING Trog's Hand.
 41808 | Vaults:1 | 41808 ||| INVOKING Berserk.
 41821 | Vaults:1 | 41821 ||| INVOKING Brothers in Arms.
 41822 | Vaults:1 | 41822 ||| INVOKING Brothers in Arms.
 41912 | Vaults:1 | Identified the +1 chain mail "Fiolal" {Str+2 Int+2}
 41942 | Vaults:1 | 41942 ||| Stepping ~*~*~tactically~*~*~ (stealth).
 41943 | Vaults:1 | 41943 ||| Stepping ~*~*~tactically~*~*~ (stealth).
 41946 | Vaults:1 | 41946 ||| Stepping ~*~*~tactically~*~*~ (stealth).
 41947 | Vaults:1 | 41947 ||| Stepping ~*~*~tactically~*~*~ (stealth).
 41967 | Vaults:1 | 41967 ||| INVOKING Trog's Hand.
 42127 | Vaults:1 | 42127 ||| Stepping ~*~*~tactically~*~*~ (stealth).
 42130 | Vaults:1 | 42130 ||| Stepping ~*~*~tactically~*~*~ (stealth).
 42133 | Vaults:1 | 42133 ||| Stepping ~*~*~tactically~*~*~ (stealth).
 42134 | Vaults:1 | 42134 ||| Stepping ~*~*~tactically~*~*~ (stealth).
 42136 | Vaults:1 | 42136 ||| Stepping ~*~*~tactically~*~*~ (stealth).
 42138 | Vaults:1 | 42138 ||| Stepping ~*~*~tactically~*~*~ (stealth).
 42143 | Vaults:1 | 42143 ||| Stepping ~*~*~tactically~*~*~ (stealth).
 42145 | Vaults:1 | 42145 ||| Stepping ~*~*~tactically~*~*~ (stealth).
 42235 | Vaults:1 | Identified the +1 helmet of Plasticity {rElec}
 42356 | Vaults:1 | 42356 ||| DROPPING +1 chain mail "Fiolal" {Str+2 Int+2}.
 42387 | Vaults:2 | 42387 ||| FLEEEEING.
 42388 | Vaults:2 | 42388 ||| FLEEEEING.
 42389 | Vaults:2 | 42389 ||| FLEEEEING.
 42390 | Vaults:2 | 42390 ||| FLEEEEING.
 42391 | Vaults:2 | 42391 ||| FLEEEEING.
 42392 | Vaults:2 | 42392 ||| FLEEEEING.
 42393 | Vaults:2 | 42393 ||| FLEEEEING.
 42681 | Vaults:2 | 42681 ||| Stepping ~*~*~tactically~*~*~ (stealth).
 42682 | Vaults:2 | 42682 ||| FLEEEEING.
 42683 | Vaults:2 | 42683 ||| FLEEEEING.
 42684 | Vaults:2 | 42684 ||| FLEEEEING.
 42685 | Vaults:2 | 42685 ||| FLEEEEING.
 42686 | Vaults:2 | 42686 ||| FLEEEEING.
 42687 | Vaults:2 | 42687 ||| FLEEEEING.
 42688 | Vaults:2 | 42688 ||| FLEEEEING.
 42689 | Vaults:2 | 42689 ||| FLEEEEING.
 42690 | Vaults:2 | 42690 ||| FLEEEEING.
 42691 | Vaults:2 | 42691 ||| FLEEEEING.
 42692 | Vaults:2 | 42692 ||| FLEEEEING.
 42704 | Vaults:2 | 42704 ||| Stepping ~*~*~tactically~*~*~ (hiding).
 42705 | Vaults:2 | 42705 ||| Stepping ~*~*~tactically~*~*~ (hiding).
 42784 | Vaults:2 | 42784 ||| INVOKING Trog's Hand.
 42810 | Vaults:2 | Found a huge runed gate.
 42810 | Vaults:2 | Found a huge runed gate.
 42810 | Vaults:2 | Found a huge runed gate.
 42810 | Vaults:2 | Found a huge runed gate.
 42810 | Vaults:2 | Found a huge runed gate.
 42810 | Vaults:2 | Found a huge runed gate.
 42811 | Vaults:2 | Found a huge runed gate.
 42811 | Vaults:2 | Found a huge runed gate.
 42811 | Vaults:2 | Found a huge runed gate.
 42812 | Vaults:2 | Found a huge runed gate.
 42818 | Vaults:2 | Found a huge runed gate.
 42818 | Vaults:2 | Found a huge runed gate.
 42818 | Vaults:2 | Found a huge runed gate.
 42818 | Vaults:2 | Found a huge runed gate.
 42818 | Vaults:2 | Found a huge runed gate.
 42818 | Vaults:2 | Found a huge runed gate.
 42819 | Vaults:2 | Found a huge runed gate.
 42820 | Vaults:2 | Found a huge runed gate.
 42821 | Vaults:2 | Found a huge runed gate.
 42829 | Vaults:2 | Found a huge runed gate.
 42829 | Vaults:2 | Found a huge runed gate.
 42829 | Vaults:2 | Found a huge runed gate.
 42829 | Vaults:2 | Found a huge runed gate.
 42829 | Vaults:2 | Found a huge runed gate.
 42829 | Vaults:2 | Found a huge runed gate.
 42830 | Vaults:2 | Found a huge runed gate.
 42831 | Vaults:2 | Found a huge runed gate.
 42832 | Vaults:2 | Found a huge runed gate.
 42835 | Vaults:2 | 42835 ||| INVOKING Trog's Hand.
 42849 | Vaults:2 | Found a huge runed gate.
 42849 | Vaults:2 | Found a huge runed gate.
 42849 | Vaults:2 | Found a huge runed gate.
 42849 | Vaults:2 | Found a huge runed gate.
 42849 | Vaults:2 | Found a huge runed gate.
 42849 | Vaults:2 | Found a huge runed gate.
 42850 | Vaults:2 | Found a huge runed gate.
 42851 | Vaults:2 | Found a huge runed gate.
 42907 | Vaults:2 | 42907 ||| Stepping ~*~*~tactically~*~*~ (hiding).
 43037 | Vaults:2 | 43037 ||| Stepping ~*~*~tactically~*~*~ (stealth).
 43042 | Vaults:2 | Reached skill level 18 in Shields
 43066 | Vaults:2 | 43066 ||| Stepping ~*~*~tactically~*~*~ (hiding).
 43074 | Vaults:2 | Reached skill level 12 in Dodging
 43078 | Vaults:2 | 43078 ||| INVOKING Trog's Hand.
 43128 | Vaults:2 | 43128 ||| Stepping ~*~*~tactically~*~*~ (hiding).
 43129 | Vaults:2 | 43129 ||| Stepping ~*~*~tactically~*~*~ (hiding).
 43245 | Vaults:2 | 43245 ||| INVOKING Trog's Hand.
 43273 | Vaults:2 | 43273 ||| Stepping ~*~*~tactically~*~*~ (hiding).
 43296 | Vaults:2 | 43296 ||| INVOKING Berserk.
 43311 | Vaults:2 | 43311 ||| INVOKING Trog's Hand.
 43312 | Vaults:2 | 43312 ||| INVOKING Brothers in Arms.
 43319 | Vaults:2 | HP: 43/183 [deep troll[an ironbound preserver] (11)]
 43320 | Vaults:2 | 43320 ||| READING 6 scrolls of teleportation.
 43321 | Vaults:2 | 43321 ||| DRINKING 2 potions of heal wounds.
 43366 | Vaults:2 | 43366 ||| INVOKING Berserk.
 43830 | Vaults:2 | 43830 ||| DROPPING ring of resist corrosion.
 43831 | Vaults:2 | 43831 ||| READING 5 scrolls of teleportation.
 44213 | Vaults:3 | 44213 ||| Stepping ~*~*~tactically~*~*~ (hiding).
 44429 | Vaults:3 | Noticed Mennas
 44430 | Vaults:3 | 44430 ||| INVOKING Berserk.
 44453 | Vaults:3 | Killed Mennas
 44572 | Vaults:3 | Reached XP level 19. HP: 177/191 MP: 18/18
 44635 | Vaults:3 | 44635 ||| Stepping ~*~*~tactically~*~*~ (hiding).
 44636 | Vaults:3 | 44636 ||| Stepping ~*~*~tactically~*~*~ (hiding).
 44649 | Vaults:3 | 44649 ||| FLEEEEING.
 44650 | Vaults:3 | 44650 ||| FLEEEEING.
 44652 | Vaults:3 | 44652 ||| FLEEEEING.
 44653 | Vaults:3 | 44653 ||| FLEEEEING.
 44655 | Vaults:3 | 44655 ||| FLEEEEING.
 44657 | Vaults:3 | 44657 ||| FLEEEEING.
 44658 | Vaults:3 | 44658 ||| FLEEEEING.
 44659 | Vaults:3 | 44659 ||| FLEEEEING.
 44660 | Vaults:3 | 44660 ||| FLEEEEING.
 44661 | Vaults:3 | 44661 ||| FLEEEEING.
 44662 | Vaults:3 | 44662 ||| FLEEEEING.
 44663 | Vaults:3 | 44663 ||| FLEEEEING.
 44664 | Vaults:3 | 44664 ||| FLEEEEING.
 44665 | Vaults:3 | 44665 ||| FLEEEEING.
 44666 | Vaults:3 | 44666 ||| FLEEEEING.
 44667 | Vaults:3 | 44667 ||| FLEEEEING.
 44668 | Vaults:3 | 44668 ||| FLEEEEING.
 44669 | Vaults:3 | 44669 ||| FLEEEEING.
 44670 | Vaults:3 | 44670 ||| FLEEEEING.
 44671 | Vaults:3 | 44671 ||| FLEEEEING.
 44672 | Vaults:3 | 44672 ||| FLEEEEING.
 44673 | Vaults:3 | 44673 ||| FLEEEEING.
 44674 | Vaults:3 | 44674 ||| FLEEEEING.
 44675 | Vaults:3 | 44675 ||| FLEEEEING.
 44676 | Vaults:3 | 44676 ||| FLEEEEING.
 44677 | Vaults:3 | 44677 ||| FLEEEEING.
 44924 | Vaults:3 | Found a staircase to the Crypt.
 44924 | Vaults:3 | Found a basalt altar of Yredelemnul.
 44924 | Vaults:3 | Found an ancient bone altar of Kikubaaqudgha.
 44984 | Vaults:3 | 44984 ||| INVOKING Trog's Hand.
 45225 | Vaults:3 | 45225 ||| Stepping ~*~*~tactically~*~*~ (hiding).
 45231 | Vaults:3 | 45231 ||| Stepping ~*~*~tactically~*~*~ (hiding).
 45236 | Vaults:3 | 45236 ||| Stepping ~*~*~tactically~*~*~ (hiding).
 45274 | Vaults:3 | 45274 ||| Stepping ~*~*~tactically~*~*~ (stealth).
 45324 | Vaults:3 | Found Yrphitz's Antique Weapon Shoppe.
 45393 | Vaults:3 | 45393 ||| Stepping ~*~*~tactically~*~*~ (stealth).
 45395 | Vaults:3 | 45395 ||| INVOKING Trog's Hand.
 45415 | Vaults:3 | Identified the +2 halberd "Izeps" {vorpal, Fragile rN++}
 45558 | Vaults:3 | 45558 ||| INVOKING Trog's Hand.
 45559 | Vaults:3 | 45559 ||| INVOKING Brothers in Arms.
 45564 | Vaults:3 | 45564 ||| INVOKING Berserk.
 45846 | Vaults:3 | 45846 ||| Stepping ~*~*~tactically~*~*~ (stealth).
 45848 | Vaults:3 | 45848 ||| Stepping ~*~*~tactically~*~*~ (hiding).
 45852 | Vaults:3 | 45852 ||| Stepping ~*~*~tactically~*~*~ (hiding).
 45853 | Vaults:3 | 45853 ||| Stepping ~*~*~tactically~*~*~ (hiding).
 46066 | Vaults:3 | 46066 ||| UPGRADING to +0 tower shield.
 46076 | Vaults:3 | 46076 ||| DROPPING +0 kite shield.
 46159 | Vaults:4 | 46159 ||| Stepping ~*~*~tactically~*~*~ (hiding).
 46165 | Vaults:4 | 46165 ||| INVOKING Brothers in Arms.
 46166 | Vaults:4 | 46166 ||| INVOKING Berserk.
 46181 | Vaults:4 | 46181 ||| Stepping ~*~*~tactically~*~*~ (stealth).
 46183 | Vaults:4 | 46183 ||| Stepping ~*~*~tactically~*~*~ (stealth).
 46438 | Vaults:4 | 46438 ||| Stepping ~*~*~tactically~*~*~ (stealth).
 46507 | Vaults:4 | 46507 ||| Stepping ~*~*~tactically~*~*~ (hiding).
 46508 | Vaults:4 | 46508 ||| Stepping ~*~*~tactically~*~*~ (hiding).
 46626 | Vaults:4 | 46626 ||| INVOKING Trog's Hand.
 46636 | Vaults:4 | 46636 ||| INVOKING Trog's Hand.
 46639 | Vaults:4 | 46639 ||| Stepping ~*~*~tactically~*~*~ (water).
 46702 | Vaults:4 | 46702 ||| Stepping ~*~*~tactically~*~*~ (stealth).
 46705 | Vaults:4 | 46705 ||| Stepping ~*~*~tactically~*~*~ (hiding).
 46706 | Vaults:4 | 46706 ||| Stepping ~*~*~tactically~*~*~ (hiding).
 46714 | Vaults:4 | 46714 ||| INVOKING Trog's Hand.
 46729 | Vaults:4 | 46729 ||| Stepping ~*~*~tactically~*~*~ (hiding).
 46744 | Vaults:4 | 46744 ||| Stepping ~*~*~tactically~*~*~ (hiding).
 46875 | Vaults:4 | 46875 ||| Stepping ~*~*~tactically~*~*~ (stealth).
 46912 | Vaults:4 | 46912 ||| Stepping ~*~*~tactically~*~*~ (hiding).
 46917 | Vaults:4 | 46917 ||| INVOKING Trog's Hand.
 46987 | Vaults:4 | 46987 ||| INVOKING Trog's Hand.
 46991 | Vaults:4 | 46991 ||| Stepping ~*~*~tactically~*~*~ (hiding).
 47029 | Vaults:4 | 47029 ||| INVOKING Trog's Hand.
 47075 | Vaults:4 | 47075 ||| Stepping ~*~*~tactically~*~*~ (stealth).
 47199 | Vaults:4 | 47199 ||| Stepping ~*~*~tactically~*~*~ (stealth).
 47203 | Vaults:4 | 47203 ||| INVOKING Trog's Hand.
 47209 | Vaults:4 | 47209 ||| Stepping ~*~*~tactically~*~*~ (hiding).
 47215 | Vaults:4 | 47215 ||| INVOKING Trog's Hand.
 47218 | Vaults:4 | 47218 ||| Stepping ~*~*~tactically~*~*~ (hiding).
 47385 | Vaults:4 | 47385 ||| Stepping ~*~*~tactically~*~*~ (stealth).
 47387 | Vaults:4 | 47387 ||| Stepping ~*~*~tactically~*~*~ (stealth).
 47390 | Vaults:4 | 47390 ||| Stepping ~*~*~tactically~*~*~ (stealth).
 47575 | Vaults:4 | 47575 ||| PLANNING SHOALS:4
 47575 | Vaults:4 | 47575 ||| DROPPING +2 hat of see invisible.
 47868 | Shoals:4 | Entered Level 4 of the Shoals
 47870 | Shoals:4 | 47870 ||| INVOKING Brothers in Arms.
 47871 | Shoals:4 | 47871 ||| INVOKING Brothers in Arms.
 47872 | Shoals:4 | 47872 ||| INVOKING Brothers in Arms.
 47887 | Shoals:4 | 47887 ||| INVOKING Berserk.
 48072 | Shoals:4 | 48072 ||| INVOKING Trog's Hand.
 48074 | Shoals:4 | 48074 ||| INVOKING Berserk.
 48111 | Shoals:4 | 48111 ||| INVOKING Trog's Hand.
 48177 | Shoals:4 | Got a barnacled rune of Zot
 48213 | Shoals:4 | 48213 ||| INVOKING Berserk.
 48539 | Shoals:4 | 48539 ||| READING scroll of enchant armour.
 48539 | Shoals:4 | 48539 ||| ENCHANTING +1 pair of boots.
 48554 | Shoals:4 | Reached skill level 21 in Shields
 48689 | Shoals:4 | 48689 ||| Stepping ~*~*~tactically~*~*~ (hiding).
 48692 | Shoals:4 | 48692 ||| INVOKING Berserk.
 48726 | Shoals:4 | Reached XP level 20. HP: 132/200 MP: 19/19
 48728 | Shoals:4 | 48728 ||| INVOKING Trog's Hand.
 48729 | Shoals:4 | 48729 ||| INVOKING Brothers in Arms.
 49087 | Shoals:4 | 49087 ||| INVOKING Trog's Hand.
 49122 | Shoals:4 | 49122 ||| INVOKING Trog's Hand.
 49244 | Shoals:4 | 49244 ||| PLANNING DEPTHS
 49536 | Depths:1 | Entered Level 1 of the Depths
 49536 | Depths:1 | Noticed Asterion
 49538 | Depths:1 | 49538 ||| INVOKING Berserk.
 49553 | Depths:1 | Reached skill level 12 in Throwing
 49554 | Depths:1 | Killed Asterion
 49644 | Depths:1 | 49644 ||| Stepping ~*~*~tactically~*~*~ (stealth).
 49658 | Depths:1 | 49658 ||| Stepping ~*~*~tactically~*~*~ (stealth).
 49668 | Depths:1 | 49668 ||| Stepping ~*~*~tactically~*~*~ (stealth).
 49807 | Depths:1 | Noticed Bai Suzhen
 49815 | Depths:1 | 49815 ||| INVOKING Brothers in Arms.
 49816 | Depths:1 | 49816 ||| INVOKING Berserk.
 49832 | Depths:1 | Killed Bai Suzhen
 49949 | Depths:1 | Found a gateway to Hell.
 50079 | Depths:1 | 50079 ||| INVOKING Trog's Hand.
 50082 | Depths:1 | 50082 ||| INVOKING Berserk.
 50119 | Depths:1 | HP: 39/200 [fire giant/bolt of fire (35)]
 50120 | Depths:1 | 50120 ||| READING 6 scrolls of teleportation.
 50121 | Depths:1 | 50121 ||| DRINKING 4 potions of heal wounds.
 50121 | Depths:1 | Found Siefro's Magic Scroll Shoppe.
 50129 | Depths:1 | HP: 49/200 [stone giant (9)]
 50130 | Depths:1 | 50130 ||| READING 5 scrolls of teleportation.
 50131 | Depths:1 | 50131 ||| DRINKING 3 potions of heal wounds.
 50629 | Depths:1 | Found a one-way gate leading to the halls of Pandemonium.
 50645 | Depths:1 | 50645 ||| INVOKING Berserk.
 50865 | Depths:1 | 50865 ||| BUYING scroll of enchant armour (172 gold).
 50865 | Depths:1 | Bought a scroll of enchant armour for 172 gold pieces
 50865 | Depths:1 | 50865 ||| BUYING scroll of enchant armour (172 gold).
 50865 | Depths:1 | Bought a scroll of enchant armour for 172 gold pieces
 50865 | Depths:1 | 50865 ||| BUYING scroll of enchant weapon (172 gold).
 50865 | Depths:1 | Bought a scroll of enchant weapon for 172 gold pieces
 50865 | Depths:1 | 50865 ||| BUYING scroll of enchant weapon (172 gold).
 50865 | Depths:1 | Bought a scroll of enchant weapon for 172 gold pieces
 50865 | Depths:1 | 50865 ||| READING 2 scrolls of enchant armour.
 50865 | Depths:1 | 50865 ||| ENCHANTING +3 plate armour of cold resistance.
 50866 | Depths:1 | 50866 ||| READING scroll of enchant armour.
 50866 | Depths:1 | 50866 ||| ENCHANTING +4 plate armour of cold resistance.
 50893 | Depths:1 | Found a sacrificial altar of Ru.
 50896 | Depths:1 | 50896 ||| Stepping ~*~*~tactically~*~*~ (stealth).
 50897 | Depths:1 | 50897 ||| Stepping ~*~*~tactically~*~*~ (stealth).
 50906 | Depths:1 | 50906 ||| Stepping ~*~*~tactically~*~*~ (stealth).
 50908 | Depths:1 | 50908 ||| Stepping ~*~*~tactically~*~*~ (hiding).
 50912 | Depths:1 | 50912 ||| INVOKING Brothers in Arms.
 50913 | Depths:1 | 50913 ||| INVOKING Brothers in Arms.
 50914 | Depths:1 | 50914 ||| INVOKING Berserk.
 51165 | Depths:1 | Noticed a juggernaut
 51173 | Depths:1 | 51173 ||| INVOKING Berserk.
 51173 | Depths:1 | Noticed a juggernaut
 51190 | Depths:1 | Killed a juggernaut
 51205 | Depths:1 | 51205 ||| INVOKING Brothers in Arms.
 51213 | Depths:1 | HP: 38/203 [juggernaut (58)]
 51214 | Depths:1 | 51214 ||| READING 4 scrolls of teleportation.
 51215 | Depths:1 | 51215 ||| DRINKING 2 potions of heal wounds.
 51216 | Depths:1 | 51216 ||| DRINKING potion of heal wounds.
 51232 | Depths:1 | 51232 ||| INVOKING Berserk.
 51283 | Depths:1 | 51283 ||| INVOKING Berserk.
 51295 | Depths:1 | Noticed a golden dragon
 51305 | Depths:1 | HP: 34/203 [golden dragon/bolt of fire (38)]
 51306 | Depths:1 | 51306 ||| READING 3 scrolls of teleportation.
 51309 | Depths:1 | Killed a golden dragon
 51748 | Depths:1 | Found a white marble altar of Elyvilon.
 51749 | Depths:1 | 51749 ||| INVOKING Berserk.
 52028 | Depths:1 | 52028 ||| INVOKING Brothers in Arms.
 52092 | Depths:1 | 52092 ||| INVOKING Berserk.
 52261 | Depths:1 | 52261 ||| Stepping ~*~*~tactically~*~*~ (stealth).
 52268 | Depths:1 | 52268 ||| Stepping ~*~*~tactically~*~*~ (stealth).
 52269 | Depths:1 | 52269 ||| Stepping ~*~*~tactically~*~*~ (stealth).
 52271 | Depths:1 | 52271 ||| Stepping ~*~*~tactically~*~*~ (hiding).
 52272 | Depths:1 | 52272 ||| INVOKING Berserk.
 52278 | Depths:1 | Killed a juggernaut
 52368 | Depths:1 | 52368 ||| Stepping ~*~*~tactically~*~*~ (stealth).
 52371 | Depths:1 | 52371 ||| Stepping ~*~*~tactically~*~*~ (stealth).
 52372 | Depths:1 | 52372 ||| Stepping ~*~*~tactically~*~*~ (stealth).
 52376 | Depths:1 | 52376 ||| Stepping ~*~*~tactically~*~*~ (hiding).
 52402 | Depths:1 | 52402 ||| Stepping ~*~*~tactically~*~*~ (stealth).
 52462 | Depths:1 | Identified the +3 chain mail "Foeggy" {Str+6}
 52838 | Depths:1 | 52838 ||| Stepping ~*~*~tactically~*~*~ (stealth).
 52842 | Depths:1 | 52842 ||| Stepping ~*~*~tactically~*~*~ (stealth).
 52844 | Depths:1 | 52844 ||| Stepping ~*~*~tactically~*~*~ (hiding).
 52848 | Depths:1 | 52848 ||| INVOKING Berserk.
 53097 | Depths:1 | 53097 ||| DROPPING +2 chain mail of fire resistance.
 53098 | Depths:1 | 53098 ||| DROPPING +4 plate armour.
 53099 | Depths:1 | 53099 ||| DROPPING amulet of faith.
 53100 | Depths:1 | 53100 ||| DROPPING +6 ring of intelligence.
 53168 | Depths:2 | 53168 ||| INVOKING Berserk.
 53182 | Depths:2 | 53182 ||| STAIRDANCE
 53295 | Depths:2 | Found a one-way gateway to a ziggurat.
 53297 | Depths:2 | 53297 ||| INVOKING Trog's Hand.
 53300 | Depths:2 | Paralysed by a floating eye for 4 turns
 53313 | Depths:2 | 53313 ||| Stepping ~*~*~tactically~*~*~ (hiding).
 53326 | Depths:2 | Reached XP level 21. HP: 159/208 MP: 20/20
 53528 | Depths:2 | 53528 ||| Stepping ~*~*~tactically~*~*~ (hiding).
 53535 | Depths:2 | 53535 ||| INVOKING Berserk.
 53667 | Depths:2 | Reached skill level 24 in Fighting
 53668 | Depths:2 | 53668 ||| Stepping ~*~*~tactically~*~*~ (stealth).
 53706 | Depths:2 | 53706 ||| Stepping ~*~*~tactically~*~*~ (stealth).
 53707 | Depths:2 | 53707 ||| Stepping ~*~*~tactically~*~*~ (stealth).
 53794 | Depths:2 | Found an iron altar of Okawaru.
 53800 | Depths:2 | 53800 ||| INVOKING Berserk.
 53908 | Depths:2 | 53908 ||| Stepping ~*~*~tactically~*~*~ (hiding).
 54061 | Depths:2 | 54061 ||| Stepping ~*~*~tactically~*~*~ (stealth).
 54153 | Depths:2 | 54153 ||| Stepping ~*~*~tactically~*~*~ (hiding).
 54160 | Depths:2 | 54160 ||| INVOKING Berserk.
 54164 | Depths:2 | Noticed a juggernaut
 54181 | Depths:2 | 54181 ||| INVOKING Trog's Hand.
 54186 | Depths:2 | Killed a juggernaut
 54189 | Depths:2 | HP: 47/214 [vampire knight/+2 great sword of venom (9)]
 54190 | Depths:2 | 54190 ||| READING 2 scrolls of teleportation.
 54191 | Depths:2 | HP: 19/214 [poisoned by a vampire knight]
 54192 | Depths:2 | HP: 9/214 [poisoned by a vampire knight]
 54194 | Depths:2 | HP: 4/214 [poisoned by a vampire knight]
 54195 | Depths:2 | 54195 ||| DRINKING 17 potions of curing.
 54195 | Depths:2 | 54195 ||| (to cure poison)
 54201 | Depths:2 | 54201 ||| READING scroll of teleportation.
 54674 | Depths:2 | 54674 ||| Stepping ~*~*~tactically~*~*~ (stealth).
 54682 | Depths:2 | 54682 ||| FLEEEEING.
 54685 | Depths:2 | 54685 ||| FLEEEEING.
 54689 | Depths:2 | 54689 ||| INVOKING Berserk.
 54692 | Depths:2 | Reached skill level 21 in Armour
 54790 | Depths:2 | 54790 ||| Stepping ~*~*~tactically~*~*~ (hiding).
 54791 | Depths:2 | 54791 ||| Stepping ~*~*~tactically~*~*~ (hiding).
 54828 | Depths:2 | Identified the +6 short sword of Starshine {venom, *Rage
                  | rElec rPois Int+5}
 54866 | Depths:2 | Paralysed by a floating eye for 3 turns
 54869 | Depths:2 | 54869 ||| INVOKING Trog's Hand.
 54873 | Depths:2 | Paralysed by a floating eye for 2 turns
 54882 | Depths:2 | Paralysed by a floating eye for 4 turns
 54942 | Depths:2 | 54942 ||| Stepping ~*~*~tactically~*~*~ (stealth).
 54943 | Depths:2 | Identified the +2 demon trident of Summer {flame, rC+++
                  | Str+3 Int-5 SInv}
 54944 | Depths:2 | 54944 ||| Stepping ~*~*~tactically~*~*~ (hiding).
 54945 | Depths:2 | 54945 ||| Stepping ~*~*~tactically~*~*~ (hiding).
 54958 | Depths:2 | Identified the ring "Iggimmoa" {Fire *Corrode Fly SInv
                  | Stlth+}
 54960 | Depths:2 | 54960 ||| Stepping ~*~*~tactically~*~*~ (hiding).
 54961 | Depths:2 | 54961 ||| Stepping ~*~*~tactically~*~*~ (hiding).
 54986 | Depths:2 | 54986 ||| FLEEEEING.
 54987 | Depths:2 | 54987 ||| FLEEEEING.
 54988 | Depths:2 | 54988 ||| FLEEEEING.
 54989 | Depths:2 | 54989 ||| FLEEEEING.
 54993 | Depths:2 | 54993 ||| FLEEEEING.
 54994 | Depths:2 | 54994 ||| FLEEEEING.
 54996 | Depths:2 | 54996 ||| STAIRDANCE
 55128 | Depths:2 | 55128 ||| Stepping ~*~*~tactically~*~*~ (stealth).
 55140 | Depths:2 | 55140 ||| Stepping ~*~*~tactically~*~*~ (stealth).
 55189 | Depths:2 | Identified the +0 robe "Fulisid" {rC+ Str+4}
 55194 | Depths:2 | 55194 ||| INVOKING Berserk.
 55341 | Depths:2 | 55341 ||| READING scroll of enchant armour.
 55341 | Depths:2 | 55341 ||| ENCHANTING +5 plate armour of cold resistance.
 55347 | Depths:2 | 55347 ||| INVOKING Berserk.
 55653 | Depths:2 | 55653 ||| Stepping ~*~*~tactically~*~*~ (hiding).
 55655 | Depths:2 | 55655 ||| Stepping ~*~*~tactically~*~*~ (hiding).
 55780 | Depths:2 | 55780 ||| FLEEEEING.
 55781 | Depths:2 | 55781 ||| FLEEEEING.
 55782 | Depths:2 | 55782 ||| FLEEEEING.
 55783 | Depths:2 | 55783 ||| FLEEEEING.
 55784 | Depths:2 | 55784 ||| FLEEEEING.
 55785 | Depths:2 | 55785 ||| FLEEEEING.
 55786 | Depths:2 | 55786 ||| FLEEEEING.
 55787 | Depths:2 | 55787 ||| FLEEEEING.
 55788 | Depths:2 | 55788 ||| FLEEEEING.
 55789 | Depths:2 | 55789 ||| FLEEEEING.
 55790 | Depths:2 | 55790 ||| FLEEEEING.
 55798 | Depths:2 | 55798 ||| FLEEEEING.
 55799 | Depths:2 | 55799 ||| FLEEEEING.
 55801 | Depths:2 | 55801 ||| STAIRDANCE
 56111 | Depths:2 | 56111 ||| DROPPING +3 broad axe of venom.
 56164 | Depths:2 | 56164 ||| INVOKING Berserk.
 56171 | Depths:2 | 56171 ||| FLEEEEING.
 56172 | Depths:2 | 56172 ||| FLEEEEING.
 56173 | Depths:2 | 56173 ||| FLEEEEING.
 56174 | Depths:2 | 56174 ||| FLEEEEING.
 56175 | Depths:2 | 56175 ||| FLEEEEING.
 56176 | Depths:2 | 56176 ||| FLEEEEING.
 56177 | Depths:2 | 56177 ||| FLEEEEING.
 56178 | Depths:2 | 56178 ||| FLEEEEING.
 56179 | Depths:2 | 56179 ||| FLEEEEING.
 56180 | Depths:2 | 56180 ||| FLEEEEING.
 56182 | Depths:2 | 56182 ||| FLEEEEING.
 56183 | Depths:2 | 56183 ||| FLEEEEING.
 56184 | Depths:2 | 56184 ||| FLEEEEING.
 56185 | Depths:2 | 56185 ||| FLEEEEING.
 56186 | Depths:2 | 56186 ||| FLEEEEING.
 56187 | Depths:2 | 56187 ||| FLEEEEING.
 56188 | Depths:2 | 56188 ||| FLEEEEING.
 56191 | Depths:2 | 56191 ||| FLEEEEING.
 56192 | Depths:2 | 56192 ||| FLEEEEING.
 56193 | Depths:2 | 56193 ||| FLEEEEING.
 56301 | Depths:2 | 56301 ||| FLEEEEING.
 56302 | Depths:2 | 56302 ||| FLEEEEING.
 56303 | Depths:2 | 56303 ||| FLEEEEING.
 56304 | Depths:2 | 56304 ||| FLEEEEING.
 56305 | Depths:2 | 56305 ||| FLEEEEING.
 56306 | Depths:2 | 56306 ||| FLEEEEING.
 56307 | Depths:2 | 56307 ||| FLEEEEING.
 56308 | Depths:2 | 56308 ||| FLEEEEING.
 56309 | Depths:2 | 56309 ||| FLEEEEING.
 56310 | Depths:2 | 56310 ||| FLEEEEING.
 56311 | Depths:2 | 56311 ||| FLEEEEING.
 56312 | Depths:2 | 56312 ||| FLEEEEING.
 56429 | Depths:2 | 56429 ||| FLEEEEING.
 56430 | Depths:2 | 56430 ||| FLEEEEING.
 56431 | Depths:2 | 56431 ||| FLEEEEING.
 56432 | Depths:2 | 56432 ||| FLEEEEING.
 56433 | Depths:2 | 56433 ||| FLEEEEING.
 56434 | Depths:2 | 56434 ||| FLEEEEING.
 56435 | Depths:2 | 56435 ||| FLEEEEING.
 56436 | Depths:2 | 56436 ||| FLEEEEING.
 56437 | Depths:2 | 56437 ||| FLEEEEING.
 56438 | Depths:2 | 56438 ||| FLEEEEING.
 56439 | Depths:2 | 56439 ||| FLEEEEING.
 56440 | Depths:2 | 56440 ||| FLEEEEING.
 56441 | Depths:2 | 56441 ||| FLEEEEING.
 56655 | Depths:2 | 56655 ||| FLEEEEING.
 56656 | Depths:2 | 56656 ||| FLEEEEING.
 56657 | Depths:2 | 56657 ||| FLEEEEING.
 56658 | Depths:2 | 56658 ||| FLEEEEING.
 56659 | Depths:2 | 56659 ||| FLEEEEING.
 56660 | Depths:2 | 56660 ||| FLEEEEING.
 56661 | Depths:2 | 56661 ||| FLEEEEING.
 56732 | Depths:2 | 56732 ||| FLEEEEING.
 56733 | Depths:2 | 56733 ||| FLEEEEING.
 56734 | Depths:2 | 56734 ||| FLEEEEING.
 56735 | Depths:2 | 56735 ||| FLEEEEING.
 56736 | Depths:2 | 56736 ||| FLEEEEING.
 56806 | Depths:2 | 56806 ||| FLEEEEING.
 56807 | Depths:2 | 56807 ||| FLEEEEING.
 56808 | Depths:2 | 56808 ||| FLEEEEING.
 56809 | Depths:2 | 56809 ||| FLEEEEING.
 56810 | Depths:2 | 56810 ||| FLEEEEING.
 56811 | Depths:2 | 56811 ||| FLEEEEING.
 56812 | Depths:2 | 56812 ||| FLEEEEING.
 56813 | Depths:2 | 56813 ||| FLEEEEING.
 56814 | Depths:2 | 56814 ||| FLEEEEING.
 56815 | Depths:2 | 56815 ||| FLEEEEING.
 56816 | Depths:2 | 56816 ||| FLEEEEING.
 56817 | Depths:2 | 56817 ||| FLEEEEING.
 56818 | Depths:2 | 56818 ||| FLEEEEING.
 56905 | Depths:2 | 56905 ||| FLEEEEING.
 56906 | Depths:2 | 56906 ||| FLEEEEING.
 56907 | Depths:2 | 56907 ||| FLEEEEING.
 56908 | Depths:2 | 56908 ||| FLEEEEING.
 56909 | Depths:2 | 56909 ||| FLEEEEING.
 56910 | Depths:2 | 56910 ||| FLEEEEING.
 56911 | Depths:2 | 56911 ||| FLEEEEING.
 56912 | Depths:2 | 56912 ||| FLEEEEING.
 56994 | Depths:2 | 56994 ||| FLEEEEING.
 56995 | Depths:2 | 56995 ||| FLEEEEING.
 56996 | Depths:2 | 56996 ||| FLEEEEING.
 56999 | Depths:2 | 56999 ||| FLEEEEING.
 57000 | Depths:2 | 57000 ||| FLEEEEING.
 57001 | Depths:2 | 57001 ||| FLEEEEING.
 57002 | Depths:2 | 57002 ||| FLEEEEING.
 57003 | Depths:2 | 57003 ||| FLEEEEING.
 57004 | Depths:2 | 57004 ||| FLEEEEING.
 57005 | Depths:2 | 57005 ||| FLEEEEING.
 57076 | Depths:2 | 57076 ||| FLEEEEING.
 57077 | Depths:2 | 57077 ||| FLEEEEING.
 57078 | Depths:2 | 57078 ||| FLEEEEING.
 57079 | Depths:2 | 57079 ||| FLEEEEING.
 57080 | Depths:2 | 57080 ||| FLEEEEING.
 57081 | Depths:2 | 57081 ||| FLEEEEING.
 57082 | Depths:2 | 57082 ||| FLEEEEING.
 57166 | Depths:2 | 57166 ||| FLEEEEING.
 57167 | Depths:2 | 57167 ||| FLEEEEING.
 57168 | Depths:2 | 57168 ||| FLEEEEING.
 57169 | Depths:2 | 57169 ||| FLEEEEING.
 57170 | Depths:2 | 57170 ||| FLEEEEING.
 57171 | Depths:2 | 57171 ||| FLEEEEING.
 57240 | Depths:2 | 57240 ||| FLEEEEING.
 57241 | Depths:2 | 57241 ||| FLEEEEING.
 57242 | Depths:2 | 57242 ||| FLEEEEING.
 57245 | Depths:2 | 57245 ||| FLEEEEING.
 57356 | Depths:2 | 57356 ||| FLEEEEING.
 57357 | Depths:2 | 57357 ||| FLEEEEING.
 57358 | Depths:2 | 57358 ||| FLEEEEING.
 57359 | Depths:2 | 57359 ||| FLEEEEING.
 57360 | Depths:2 | 57360 ||| FLEEEEING.
 57361 | Depths:2 | 57361 ||| FLEEEEING.
 57362 | Depths:2 | 57362 ||| FLEEEEING.
 57363 | Depths:2 | 57363 ||| FLEEEEING.
 57364 | Depths:2 | 57364 ||| FLEEEEING.
 57365 | Depths:2 | 57365 ||| FLEEEEING.
 57366 | Depths:2 | 57366 ||| FLEEEEING.
 57367 | Depths:2 | 57367 ||| FLEEEEING.
 57368 | Depths:2 | 57368 ||| FLEEEEING.
 57506 | Depths:2 | 57506 ||| FLEEEEING.
 57507 | Depths:2 | 57507 ||| FLEEEEING.
 57508 | Depths:2 | 57508 ||| FLEEEEING.
 57509 | Depths:2 | 57509 ||| FLEEEEING.
 57510 | Depths:2 | 57510 ||| FLEEEEING.
 57614 | Depths:2 | 57614 ||| FLEEEEING.
 57616 | Depths:2 | 57616 ||| FLEEEEING.
 57617 | Depths:2 | 57617 ||| FLEEEEING.
 57618 | Depths:2 | 57618 ||| FLEEEEING.
 57619 | Depths:2 | 57619 ||| FLEEEEING.
 57620 | Depths:2 | 57620 ||| FLEEEEING.
 57621 | Depths:2 | 57621 ||| FLEEEEING.
 57737 | Depths:2 | 57737 ||| FLEEEEING.
 57738 | Depths:2 | 57738 ||| FLEEEEING.
 57739 | Depths:2 | 57739 ||| FLEEEEING.
 57771 | Depths:2 | 57771 ||| Stepping ~*~*~tactically~*~*~ (stealth).
 57773 | Depths:2 | 57773 ||| Stepping ~*~*~tactically~*~*~ (stealth).
 57846 | Depths:2 | 57846 ||| FLEEEEING.
 57847 | Depths:2 | 57847 ||| FLEEEEING.
 57848 | Depths:2 | 57848 ||| FLEEEEING.
 57849 | Depths:2 | 57849 ||| FLEEEEING.
 57850 | Depths:2 | 57850 ||| FLEEEEING.
 57851 | Depths:2 | 57851 ||| FLEEEEING.
 57852 | Depths:2 | 57852 ||| FLEEEEING.
 57853 | Depths:2 | 57853 ||| FLEEEEING.
 57854 | Depths:2 | 57854 ||| FLEEEEING.
 57855 | Depths:2 | 57855 ||| FLEEEEING.
 57856 | Depths:2 | 57856 ||| FLEEEEING.
 57857 | Depths:2 | 57857 ||| FLEEEEING.
 57967 | Depths:2 | 57967 ||| INVOKING Trog's Hand.
 57972 | Depths:2 | Paralysed by a floating eye for 3 turns
 57976 | Depths:2 | Paralysed by a floating eye for 2 turns
 57979 | Depths:2 | Paralysed by a floating eye for 3 turns
 58003 | Depths:2 | Found Esses's Jewellery Shoppe.
 58004 | Depths:2 | Found Kies's Book Shop.
 58005 | Depths:2 | Found Fokun's Jewellery Shoppe.
 58011 | Depths:2 | 58011 ||| BUYING +4 ring of evasion (648 gold).
 58011 | Depths:2 | Bought a +4 ring of evasion for 648 gold pieces
 58011 | Depths:2 | 58011 ||| BUYING +4 ring of protection (648 gold).
 58011 | Depths:2 | Bought a +4 ring of protection for 648 gold pieces
 58011 | Depths:2 | 58011 ||| SHOPLISTING ring of protection from fire (450
                  | gold, have 7).
 58015 | Depths:2 | 58015 ||| SHOPLISTING ring of protection from fire (325
                  | gold, have 7).
 58015 | Depths:2 | 58015 ||| DROPPING ring of protection from cold.
 58016 | Depths:2 | 58016 ||| UPGRADING to +4 ring of evasion.
 58018 | Depths:2 | 58018 ||| DROPPING ring of see invisible.
 58019 | Depths:2 | 58019 ||| DROPPING +6 ring of strength.
 58056 | Depths:2 | Paralysed by a floating eye for 2 turns
 58058 | Depths:2 | 58058 ||| INVOKING Trog's Hand.
 58235 | Depths:3 | 58235 ||| INVOKING Berserk.
 58366 | Depths:3 | 58366 ||| Stepping ~*~*~tactically~*~*~ (hiding).
 58367 | Depths:3 | 58367 ||| Stepping ~*~*~tactically~*~*~ (stealth).
 58480 | Depths:3 | 58480 ||| Stepping ~*~*~tactically~*~*~ (hiding).
 58481 | Depths:3 | 58481 ||| Stepping ~*~*~tactically~*~*~ (hiding).
 58482 | Depths:3 | 58482 ||| Stepping ~*~*~tactically~*~*~ (hiding).
 58487 | Depths:3 | 58487 ||| INVOKING Berserk.
 58500 | Depths:3 | 58500 ||| FLEEEEING.
 58501 | Depths:3 | 58501 ||| FLEEEEING.
 58502 | Depths:3 | 58502 ||| FLEEEEING.
 58503 | Depths:3 | 58503 ||| FLEEEEING.
 58504 | Depths:3 | 58504 ||| FLEEEEING.
 58505 | Depths:3 | 58505 ||| FLEEEEING.
 58506 | Depths:3 | 58506 ||| FLEEEEING.
 58507 | Depths:3 | 58507 ||| FLEEEEING.
 58508 | Depths:3 | 58508 ||| FLEEEEING.
 58509 | Depths:3 | 58509 ||| FLEEEEING.
 58510 | Depths:3 | 58510 ||| FLEEEEING.
 58511 | Depths:3 | 58511 ||| FLEEEEING.
 58512 | Depths:3 | 58512 ||| FLEEEEING.
 58513 | Depths:3 | 58513 ||| FLEEEEING.
 58514 | Depths:3 | 58514 ||| FLEEEEING.
 58515 | Depths:3 | 58515 ||| FLEEEEING.
 58516 | Depths:3 | 58516 ||| FLEEEEING.
 58517 | Depths:3 | 58517 ||| FLEEEEING.
 58518 | Depths:3 | 58518 ||| FLEEEEING.
 58519 | Depths:3 | 58519 ||| FLEEEEING.
 58520 | Depths:3 | 58520 ||| FLEEEEING.
 58521 | Depths:3 | 58521 ||| FLEEEEING.
 58522 | Depths:3 | 58522 ||| FLEEEEING.
 58523 | Depths:3 | 58523 ||| FLEEEEING.
 58524 | Depths:3 | 58524 ||| FLEEEEING.
 58525 | Depths:3 | 58525 ||| FLEEEEING.
 58526 | Depths:3 | 58526 ||| FLEEEEING.
 58527 | Depths:3 | 58527 ||| FLEEEEING.
 58528 | Depths:3 | 58528 ||| FLEEEEING.
 58529 | Depths:3 | 58529 ||| FLEEEEING.
 58530 | Depths:3 | 58530 ||| FLEEEEING.
 58531 | Depths:3 | 58531 ||| FLEEEEING.
 58532 | Depths:3 | 58532 ||| FLEEEEING.
 58533 | Depths:3 | 58533 ||| FLEEEEING.
 58534 | Depths:3 | 58534 ||| FLEEEEING.
 58535 | Depths:3 | 58535 ||| FLEEEEING.
 58536 | Depths:3 | 58536 ||| FLEEEEING.
 58537 | Depths:3 | 58537 ||| FLEEEEING.
 58538 | Depths:3 | 58538 ||| FLEEEEING.
 58539 | Depths:3 | 58539 ||| FLEEEEING.
 58540 | Depths:3 | 58540 ||| FLEEEEING.
 58541 | Depths:3 | 58541 ||| FLEEEEING.
 58542 | Depths:3 | 58542 ||| FLEEEEING.
 58543 | Depths:3 | 58543 ||| FLEEEEING.
 58544 | Depths:3 | 58544 ||| FLEEEEING.
 58686 | Depths:3 | Noticed a caustic shrike
 58686 | Depths:3 | Noticed a golden dragon
 58687 | Depths:3 | Found a runed translucent door.
 58689 | Depths:3 | Noticed a golden dragon
 58689 | Depths:3 | Noticed a juggernaut
 58689 | Depths:3 | Noticed a juggernaut
 58689 | Depths:3 | Noticed a juggernaut
 58759 | Depths:3 | Found a one-way gate to the infinite horrors of the Abyss.
 58762 | Depths:3 | 58762 ||| INVOKING Berserk.
 58815 | Depths:3 | 58815 ||| Stepping ~*~*~tactically~*~*~ (stealth).
 58816 | Depths:3 | 58816 ||| Stepping ~*~*~tactically~*~*~ (stealth).
 58939 | Depths:3 | 58939 ||| INVOKING Berserk.
 59341 | Depths:3 | Identified the +6 longbow of the Trees {freeze, rF+ rC-
                  | Str+4 SInv}
 59627 | Depths:4 | Entered Level 4 of the Depths
 59701 | Depths:4 | 59701 ||| Stepping ~*~*~tactically~*~*~ (hiding).
 59727 | Depths:4 | 59727 ||| Stepping ~*~*~tactically~*~*~ (stealth).
 59728 | Depths:4 | 59728 ||| Stepping ~*~*~tactically~*~*~ (stealth).
 59747 | Depths:4 | 59747 ||| Stepping ~*~*~tactically~*~*~ (hiding).
 59748 | Depths:4 | 59748 ||| Stepping ~*~*~tactically~*~*~ (hiding).
 59750 | Depths:4 | 59750 ||| Stepping ~*~*~tactically~*~*~ (hiding).
 59761 | Depths:4 | 59761 ||| INVOKING Berserk.
 59761 | Depths:4 | HP: 63/325 [fire dragon/blast of flame (34)]
 59770 | Depths:4 | 59770 ||| Stepping ~*~*~tactically~*~*~ (hiding).
 59780 | Depths:4 | 59780 ||| READING scroll of teleportation.
 59781 | Depths:4 | HP: 42/217 [deep troll earth mage (11)]
 60277 | Depths:4 | 60277 ||| INVOKING Berserk.
 60291 | Depths:4 | 60291 ||| INVOKING Trog's Hand.
 60359 | Depths:4 | 60359 ||| Stepping ~*~*~tactically~*~*~ (stealth).
 60360 | Depths:4 | 60360 ||| Stepping ~*~*~tactically~*~*~ (stealth).
 60365 | Depths:4 | 60365 ||| INVOKING Berserk.
 60382 | Depths:4 | 60382 ||| Stepping ~*~*~tactically~*~*~ (stealth).
 60397 | Depths:4 | HP: 50/217 [spark wasp (5)]
 60438 | Depths:4 | 60438 ||| Stepping ~*~*~tactically~*~*~ (stealth).
 60443 | Depths:4 | 60443 ||| Stepping ~*~*~tactically~*~*~ (stealth).
 60444 | Depths:4 | 60444 ||| FLEEEEING.
 60445 | Depths:4 | 60445 ||| FLEEEEING.
 60450 | Depths:4 | 60450 ||| STAIRDANCE
 60828 | Depths:4 | Found a glowing silver altar of Zin.
 60912 | Depths:4 | 60912 ||| Stepping ~*~*~tactically~*~*~ (stealth).
 61023 | Depths:4 | 61023 ||| Stepping ~*~*~tactically~*~*~ (stealth).
 61107 | Depths:4 | 61107 ||| Stepping ~*~*~tactically~*~*~ (hiding).
 61108 | Depths:4 | 61108 ||| Stepping ~*~*~tactically~*~*~ (hiding).
 61122 | Depths:4 | Reached XP level 22. HP: 210/226 MP: 21/21
 61180 | Depths:4 | Noticed a golden dragon
 61181 | Depths:4 | 61181 ||| INVOKING Brothers in Arms.
 61184 | Depths:4 | 61184 ||| INVOKING Berserk.
 61196 | Depths:4 | Killed a golden dragon
 61280 | Depths:4 | Found a gate to the Realm of Zot.
 61315 | Depths:4 | 61315 ||| PLANNING VAULTS:5
 61315 | Depths:4 | 61315 ||| DROPPING +0 cloak.
 61654 | Vaults:5 | Entered Level 5 of the Vaults
 61656 | Vaults:5 | 61656 ||| STAIRDANCE
 61690 | Vaults:5 | 61690 ||| STAIRDANCE
 61762 | Vaults:5 | 61762 ||| STAIRDANCE
 61846 | Vaults:5 | 61846 ||| STAIRDANCE
 61896 | Vaults:5 | 61896 ||| INVOKING Brothers in Arms.
 61905 | Vaults:5 | 61905 ||| INVOKING Berserk.
 61932 | Vaults:5 | 61932 ||| STAIRDANCE
 62078 | Vaults:5 | 62078 ||| INVOKING Berserk.
 62124 | Vaults:5 | 62124 ||| INVOKING Trog's Hand.
 62127 | Vaults:5 | 62127 ||| STAIRDANCE
 62260 | Vaults:5 | 62260 ||| Stepping ~*~*~tactically~*~*~ (stealth).
 62261 | Vaults:5 | 62261 ||| INVOKING Trog's Hand.
 62292 | Vaults:5 | 62292 ||| Stepping ~*~*~tactically~*~*~ (stealth).
 62297 | Vaults:5 | 62297 ||| Stepping ~*~*~tactically~*~*~ (stealth).
 62298 | Vaults:5 | 62298 ||| INVOKING Berserk.
 62315 | Vaults:5 | 62315 ||| INVOKING Trog's Hand.
 62340 | Vaults:5 | Noticed a golden dragon
 62352 | Vaults:5 | 62352 ||| INVOKING Berserk.
 62357 | Vaults:5 | Killed a golden dragon
 62370 | Vaults:5 | HP: 81/339 [fire giant/bolt of fire (13)]
 62398 | Vaults:5 | 62398 ||| Stepping ~*~*~tactically~*~*~ (stealth).
 62402 | Vaults:5 | 62402 ||| INVOKING Brothers in Arms.
 62733 | Vaults:5 | Identified the amulet "Guketh" {RegenMP Str+4}
 62788 | Vaults:5 | Identified the +2 robe of the Insatiable Artists {rElec
                  | MP+9}
 62790 | Vaults:5 | Identified the +0 robe "Zot Jae" {rElec rC+}
 62845 | Vaults:5 | 62845 ||| Stepping ~*~*~tactically~*~*~ (hiding).
 62846 | Vaults:5 | 62846 ||| INVOKING Berserk.
 62950 | Vaults:5 | 62950 ||| Stepping ~*~*~tactically~*~*~ (stealth).
 62951 | Vaults:5 | 62951 ||| Stepping ~*~*~tactically~*~*~ (stealth).
 62954 | Vaults:5 | 62954 ||| Stepping ~*~*~tactically~*~*~ (hiding).
 62961 | Vaults:5 | 62961 ||| INVOKING Berserk.
 63085 | Vaults:5 | 63085 ||| INVOKING Berserk.
 63098 | Vaults:5 | 63098 ||| INVOKING Trog's Hand.
 63106 | Vaults:5 | 63106 ||| Stepping ~*~*~tactically~*~*~ (stealth).
 63107 | Vaults:5 | 63107 ||| Stepping ~*~*~tactically~*~*~ (stealth).
 63109 | Vaults:5 | 63109 ||| Stepping ~*~*~tactically~*~*~ (stealth).
 63110 | Vaults:5 | 63110 ||| Stepping ~*~*~tactically~*~*~ (hiding).
 63144 | Vaults:5 | 63144 ||| Stepping ~*~*~tactically~*~*~ (stealth).
 63357 | Vaults:5 | 63357 ||| READING scroll of enchant armour.
 63357 | Vaults:5 | 63357 ||| ENCHANTING +6 plate armour of cold resistance.
 63374 | Vaults:5 | Identified the +3 falchion "Pubasch" {drain, rN+ Str+4
                  | Stlth-}
 63378 | Vaults:5 | Identified the +6 scale mail of Ignis's Benevolence {Harm
                  | Rampage Dex-3 Stlth+}
 63498 | Vaults:5 | 63498 ||| Stepping ~*~*~tactically~*~*~ (hiding).
 63501 | Vaults:5 | 63501 ||| INVOKING Berserk.
 63511 | Vaults:5 | 63511 ||| INVOKING Trog's Hand.
 63535 | Vaults:5 | Reached skill level 15 in Throwing
 63545 | Vaults:5 | 63545 ||| INVOKING Trog's Hand.
 63560 | Vaults:5 | 63560 ||| Stepping ~*~*~tactically~*~*~ (hiding).
 63563 | Vaults:5 | 63563 ||| INVOKING Berserk.
 63646 | Vaults:5 | 63646 ||| Stepping ~*~*~tactically~*~*~ (stealth).
 63700 | Vaults:5 | Identified the +6 dagger of Joyful Slaughter {protect,
                  | rPois Str+4 Stlth+}
 63764 | Vaults:5 | 63764 ||| Stepping ~*~*~tactically~*~*~ (stealth).
 63769 | Vaults:5 | 63769 ||| INVOKING Berserk.
 63921 | Vaults:5 | 63921 ||| INVOKING Brothers in Arms.
 63922 | Vaults:5 | 63922 ||| INVOKING Brothers in Arms.
 63926 | Vaults:5 | 63926 ||| INVOKING Berserk.
 64086 | Vaults:5 | Identified the +3 plate armour of the Hungering Gods {Will-
                  | Dex+7}
 64098 | Vaults:5 | 64098 ||| INVOKING Berserk.
 64117 | Vaults:5 | 64117 ||| Stepping ~*~*~tactically~*~*~ (stealth).
 64118 | Vaults:5 | 64118 ||| Stepping ~*~*~tactically~*~*~ (stealth).
 64540 | Vaults:5 | Got a silver rune of Zot
 64588 | Vaults:5 | 64588 ||| Stepping ~*~*~tactically~*~*~ (stealth).
 64589 | Vaults:5 | 64589 ||| INVOKING Berserk.
 64618 | Vaults:5 | 64618 ||| INVOKING Trog's Hand.
 64934 | Vaults:5 | 64934 ||| PLANNING SHOPPING SPREE
 64934 | Vaults:5 | 64934 ||| DROPPING +2 pair of boots.
 64935 | Vaults:5 | 64935 ||| UPGRADING to +1 pair of boots of flying.
 64945 | Vaults:5 | 64945 ||| DROPPING +3 plate armour of the Hungering Gods
                  | {Will- Dex+7}.
 64946 | Vaults:5 | 64946 ||| DROPPING amulet "Guketh" {RegenMP Str+4}.
 65208 | Depths:2 | 65208 ||| INVOKING Berserk.
 65216 | Depths:2 | 65216 ||| STAIRDANCE
 65325 | Depths:2 | 65325 ||| INVOKING Trog's Hand.
 65325 | Depths:2 | Paralysed by a floating eye for 2 turns
 65364 | Depths:2 | 65364 ||| INVOKING Berserk.
 65599 | Depths:2 | 65599 ||| BUYING ring of protection from fire (325 gold).
 65599 | Depths:2 | Bought a ring of protection from fire for 325 gold pieces
 65599 | Depths:2 | 65599 ||| DROPPING ring of fire.
 65604 | Depths:2 | 65604 ||| BUYING ring of protection from fire (450 gold).
 65604 | Depths:2 | Bought a ring of protection from fire for 450 gold pieces
 65604 | Depths:2 | 65604 ||| DROPPING ring of fire.
 65633 | Depths:2 | Paralysed by a floating eye for 2 turns
 65635 | Depths:2 | 65635 ||| INVOKING Trog's Hand.
 65639 | Depths:2 | Paralysed by a floating eye for 3 turns
 65948 | D:5      | 65948 ||| CLEARING SHOPPING LIST
 65948 | D:5      | 65948 ||| PLANNING ZOT:1-4
 65948 | D:5      | 65948 ||| READING scroll of teleportation.
 65953 | D:5      | 65953 ||| UPGRADING to +0 gold dragon scales.
 66332 | Zot:1    | Entered Level 1 of the Realm of Zot
 66340 | Zot:1    | Reached XP level 23. HP: 210/236 MP: 22/22
 66355 | Zot:1    | 66355 ||| Stepping ~*~*~tactically~*~*~ (hiding).
 66563 | Zot:1    | 66563 ||| INVOKING Berserk.
 66677 | Zot:1    | 66677 ||| DRINKING potion of experience.
 66677 | Zot:1    | Reached XP level 24. HP: 245/245 MP: 22/22
 66688 | Zot:1    | 66688 ||| Stepping ~*~*~tactically~*~*~ (hiding).
 66723 | Zot:1    | 66723 ||| INVOKING Berserk.
 66727 | Zot:1    | Reached skill level 24 in Armour
 66840 | Zot:1    | Identified the +7 rapier of Jozac {freeze, rElec rC+++
                  | rCorr Str-5}
 66841 | Zot:1    | 66841 ||| INVOKING Berserk.
 67141 | Zot:1    | 67141 ||| Stepping ~*~*~tactically~*~*~ (hiding).
 67188 | Zot:1    | 67188 ||| Stepping ~*~*~tactically~*~*~ (hiding).
 67191 | Zot:1    | 67191 ||| INVOKING Berserk.
 67476 | Zot:1    | Identified the +2 cloak "Wonef" {Regen+ Str-3 Dex+2}
 67842 | Zot:1    | 67842 ||| DROPPING +1 cloak.
 67843 | Zot:1    | 67843 ||| UPGRADING to +2 cloak "Wonef" {Regen+ Str-3
                  | Dex+2}.
 67853 | Zot:1    | 67853 ||| DROPPING scarf of repulsion.
 67889 | Zot:2    | 67889 ||| STAIRDANCE
 67918 | Zot:2    | Noticed an orb of fire
 67919 | Zot:2    | 67919 ||| DRINKING 2 potions of resistance.
 67921 | Zot:2    | 67921 ||| INVOKING Berserk.
 67931 | Zot:2    | Killed an orb of fire
 68084 | Zot:2    | 68084 ||| Stepping ~*~*~tactically~*~*~ (hiding).
 68098 | Abyss:3  | Found a transporter.
 68098 | Abyss:3  | Cast into level 3 of the Abyss (black draconian knight)
 68099 | Abyss:3  | 68099 ||| INVOKING Trog's Hand.
 68219 | Abyss:4  | 68219 ||| Stepping ~*~*~tactically~*~*~ (stealth).
 68246 | Abyss:4  | 68246 ||| Stepping ~*~*~tactically~*~*~ (hiding).
 68292 | Abyss:4  | 68292 ||| Stepping ~*~*~tactically~*~*~ (stealth).
 68295 | Abyss:4  | 68295 ||| Stepping ~*~*~tactically~*~*~ (hiding).
 68297 | Abyss:4  | 68297 ||| Stepping ~*~*~tactically~*~*~ (hiding).
 68322 | Abyss:4  | 68322 ||| Stepping ~*~*~tactically~*~*~ (stealth).
 68326 | Abyss:4  | 68326 ||| Stepping ~*~*~tactically~*~*~ (hiding).
 68329 | Abyss:4  | 68329 ||| Stepping ~*~*~tactically~*~*~ (hiding).
 68330 | Abyss:4  | 68330 ||| Stepping ~*~*~tactically~*~*~ (hiding).
 68359 | Abyss:4  | 68359 ||| Stepping ~*~*~tactically~*~*~ (hiding).
 68362 | Abyss:4  | 68362 ||| Stepping ~*~*~tactically~*~*~ (hiding).
 68364 | Abyss:4  | 68364 ||| Stepping ~*~*~tactically~*~*~ (stealth).
 68369 | Abyss:4  | 68369 ||| Stepping ~*~*~tactically~*~*~ (hiding).
 68375 | Abyss:4  | 68375 ||| Stepping ~*~*~tactically~*~*~ (stealth).
 68406 | Abyss:4  | 68406 ||| Stepping ~*~*~tactically~*~*~ (stealth).
 68407 | Abyss:4  | 68407 ||| Stepping ~*~*~tactically~*~*~ (stealth).
 68423 | Abyss:4  | 68423 ||| INVOKING Berserk.
 68444 | Abyss:4  | Paralysed by accursed screaming for 1 turns
 68458 | Abyss:4  | 68458 ||| INVOKING Trog's Hand.
 68461 | Zot:2    | Escaped the Abyss
 68462 | Zot:2    | 68462 ||| INVOKING Brothers in Arms.
 68463 | Zot:2    | 68463 ||| INVOKING Brothers in Arms.
 68467 | Zot:2    | HP: 54/245 [starcursed mass/accursed screaming (9)]
 68471 | Zot:2    | HP: 19/245 [acid (11)]
 68473 | Zot:2    | HP: 9/245 [black draconian knight/bolt of lightning[a
                  | purple draconian shifter] (9)]
 68476 | Zot:2    | 68476 ||| INVOKING Brothers in Arms.
 68479 | Zot:2    | HP: 8/245 [acid (9)]
 68482 | Zot:2    | Killed from afar by a white draconian

Levels and vault maps discovered:
D:1:      ldierk_walled_garden, layout_basic,
          shapermc_ecumenical_altar_totnotflames
D:2:      layout_basic, uniq_crazy_yiuf_cottage
D:3:      layout_loops_cross, cheibrodos_ashenzari_chains, minivault_14
D:4:      layout_cave_pools, makhleb_blood_cavern_becter,
          minmay_temple_entry_butterflies, gammafunk_ghost_mausoleum,
          st_stairs_10, minmay_pentomino_pile
D:5:      layout_cave_pools, grunt_temple_overflow_open,
          minmay_misc_feat_ornament, nicolae_shop_dragon_depot,
          grunt_ministairs_1, uniq_blork_the_orc, uniq_duvessa
D:6:      layout_basic, mainiacjoe_overflow_six_doors_small,
          fedhas_altar_fruit_tree, uniq_prince_ribbit1
D:7:      layout_loops_ring, mainiacjoe_overflow_swirl
D:8:      layout_basic
D:9:      layout_basic, marbit_many_paths, bloody_trog, david_lair_generic
D:10:     lemuel_ice_statue, layout_basic, nicolae_dithmenos_the_darkroom,
          jiyva_altar_1
D:11:     layout_basic, st_stairs_13, minmay_fractal_squares_diagonal_5,
          uniq_snorg
D:12:     layout_rooms, nicolae_trove_entry_isolated, minmay_sticks_and_stones
D:13:     layout_loops_cross, skrybe_vaults_entry_preservation,
          nicolae_qazlal_scattered_showers
D:14:     layout_stronghold, good_gods_mini_temple, kennysheep_generic_room_4
D:15:     grunt_enter_depths_magical_seal, layout_small_grid, kennysheep_doodads
Lair:1:   layout_hall_layers, beast_lair_carwin_3, grunt_megastairs_2,
          uniq_fannar
Lair:2:   layout_regular_city, spider_nest_entry_webs, grunt_megastairs_3,
          uniq_nergalle
Lair:3:   layout_regular_city, minmay_shoals_entry_lonely_mermaid,
          ebering_ghost_disaster_area, kennysheep_catoblepas_arena
Lair:4:   layout_gridlike, minivault_24, dreamdust_mushroom_princess
Lair:5:   hangedman_lair_caniforms_friends, layout_regular_city, wormcave,
          slime_entry_1
Shoals:1: layout_shoals, nicolae_shoals_stone_sculpture_thing,
          nicolae_shoals_secluded_bog
Shoals:2: layout_shoals, nicolae_island_escapes
Shoals:3: layout_shoals, uniq_kirke, uniq_polyphemus
Shoals:4: shoals_end_hangedman, layout_shoals
Spider:1: layout_spider_delve, nicolae_spider_circle_web
Spider:2: layout_spider_delve, nicolae_spider_swamp_cousins
Spider:3: layout_spider_delve
Spider:4: guppyfry_spider_rune, hellmonk_motheaten_closet,
          hangedman_spider_tarantella_strand, uniq_donald
Orc:1:    layout_caves
Orc:2:    st_orc_elflike, layout_caves, serial_shops, nicolae_lakefront_shop,
          gammafunk_ghost_smash, uniq_maurice, uniq_saint_roka
Vaults:1: vaults_room_large_hall, nicolae_vaults_network_square, st_hourglassy,
          v_misc_10, v_misc_10, vaults_room_fours, vaults_room_door_ring,
          vaults_dpeg_encased_lava, nicolae_vaults_angled_halls,
          vaults_room_stairs_pillars, ontoclasm_vaults_ligature,
          layout_vaults_quadrants
Vaults:2: hangedman_vaults_corner_blocks, nicolae_vaults_asterisk,
          nicolae_vaults_mini_display_case, hangedman_vaults_cutoff,
          hangedman_vaults_locks, vaults_dpeg_diagonal,
          nicolae_vaults_border_crossing, hangedman_vaults_snaps,
          vaults_dpeg_hooks, vaults_standard_mumra_enter_the_diamond,
          grunt_vaults_focal, door_vault, layout_vaults_omnicross
Vaults:3: hangedman_vaults_trim, vaults_dpeg_doors,
          minmay_crypt_entry_necro_gods, v_misc_3, vaults_mumra_chevron,
          nicolae_vaults_shelves_hall, nicolae_vaults_angled_halls,
          nicolae_vaults_little_squares_5, nicolae_vaults_network_periphery,
          grunt_vaults_diagonal, v_misc_8, hangedman_vaults_maws,
          layout_vaults_chaotic_city, serial_shops, nicolae_shop_behind_doors,
          uniq_mennas
Vaults:4: hangedman_vaults_slice, ontoclasm_vaults_spin,
          ontoclasm_vaults_gateway, nicolae_vaults_puzzle_piece, v_misc_1,
          ontoclasm_vaults_hangar, v_misc_10, vaults_mumra_hex,
          hangedman_vaults_corner_blocks, vaults_room_door_ring,
          ontoclasm_vaults_idyll, layout_vaults_ring
Vaults:5: serial_shops
Depths:1: lemuel_castle_with_subvaults [lemuel_castle_interior_carwin_3],
          layout_gridlike, rand_demon_pan_entry_5, lemuel_doored_altar,
          hell_entry, serial_shops, nicolae_diamond_shop, elyvilon_altar_3,
          uniq_asterion, uniq_bai_suzhen
Depths:2: minmay_triangles_in_corner, layout_honeycomb, enter_ziggurat_d,
          hellmouth_2, grunt_pan_entry_spiral, okawaru_ov_weapons_minmay,
          kennysheep_underground_church, minmay_shop_grove
Depths:3: minmay_gate_of_8, layout_gridlike, kennysheep_pointless_box,
          grunt_hell_entry_dis_mu, abyss_entry_crystal, serial_bayou_shore_b,
          infiniplex_staircase_squiggle
Depths:4: evilmike_zot_entry_round, layout_cave_pools, minmay_misc_feat_doors,
          hell_entry, serial_bayou, serial_bayou_shore_b, serial_bayou_pond_b,
          serial_bayou_pond_e, serial_bayou_lake_a, serial_bayou_pond_d,
          minmay_misc_feat_five, zin_statuary
Zot:1:    layout_misc_corridors
Zot:2:    layout_misc_corridors, hangedman_snake_sidewinding

Skill      XL: |  1  2  3  4  5  6  7  8  9 10 11 12 13 14 15 16 17 18 19 20 21 22 23 24 |
---------------+-------------------------------------------------------------------------+-----
Axes           | 4 5 6 7 8 10 11 13 16 17 18 19 | 19.0
Fighting       | 4 5 6 8 9 12 15 17 18 19 20 21 22 23 25 26 | 26.0
Armour         | 4 5 7 8 11 13 15 17 18 19 20 22 23 26 | 26.3
Throwing       | 2 3 4 7 9 10 11 13 14 15 | 15.0
Dodging        | 3 4 6 7 10 11 12 13 14 | 14.0
Shields        | 10 12 14 18 21 22 | 22.7

Action                   |  1- 3 |  4- 6 |  7- 9 | 10-12 | 13-15 | 16-18 | 19-21 | 22-24 || total
-------------------------+-------+-------+-------+-------+-------+-------+-------+-------++-------
Melee: Hand axe          |   103 |   108 |    24 |       |       |       |       |       ||   235
       Headbutt          |    18 |    18 |    24 |    81 |   194 |   264 |   390 |   255 ||  1244
       Punch             |       |     3 |       |     9 |     7 |       |       |       ||    19
       War axe           |       |       |   167 |   401 |   734 |   276 |       |       ||  1578
       Flail             |       |       |       |     7 |       |       |       |       ||     7
       Morningstar       |       |       |       |       |    24 |     2 |       |       ||    26
       Broad axe         |       |       |       |       |       |   776 |  1297 |   789 ||  2862
Throw: Javelin           |       |       |    40 |    26 |    47 |    33 |   142 |    23 ||   311
       Boomerang         |       |       |       |    56 |    13 |   154 |    50 |    25 ||   298
Invok: Berserk           |       |     2 |    11 |    22 |    31 |    30 |    33 |    22 ||   151
       Brothers in Arms  |       |       |       |     2 |     9 |    10 |     8 |     6 ||    35
       Trog's Hand       |       |       |       |       |     5 |    16 |    23 |    11 ||    55
  Use: Scroll            |     5 |     8 |     3 |     9 |     9 |    10 |    11 |     2 ||    57
       Potion            |     1 |       |       |     1 |     2 |     8 |     5 |     2 ||    19
 Stab: Distracted        |       |       |       |       |    13 |     7 |     1 |     2 ||    23
       Petrified         |       |       |       |       |     2 |       |       |       ||     2
       Petrifying        |       |       |       |       |     1 |       |       |       ||     1
       Invisible         |       |       |       |       |     1 |       |       |       ||     1
       Confused          |       |       |       |       |       |       |       |     1 ||     1
Armor: Animal skin       |    18 |       |       |       |       |       |       |       ||    18
       Leather armour    |     7 |     9 |       |       |       |       |       |       ||    16
       Chain mail        |       |    27 |       |       |       |       |       |       ||    27
       Plate armour      |       |    11 |    88 |   201 |   345 |   447 |   341 |   121 ||  1554
       Gold dragon scale |       |       |       |       |       |       |       |   136 ||   136
Dodge: Dodged            |    53 |    41 |    55 |   137 |   276 |   339 |   354 |   296 ||  1551
       Repelled          |       |       |       |       |       |     1 |    12 |    16 ||    29
Block: Other             |       |       |       |       |    76 |       |       |       ||    76
       Reflection        |       |       |       |       |    14 |    47 |    43 |    23 ||   127
       Buckler           |       |       |       |       |    51 |   326 |       |       ||   377
       Kite shield       |       |       |       |       |       |   267 |    60 |       ||   327
       Tower shield      |       |       |       |       |       |       |  1166 |   864 ||  2030

Table legend:
 A = Non-vault XP
 B = Vault XP
 C = Vault XP percentage of total XP
 D = Non-vault monster count
 E = Vault monster count
 F = Vault count percentage of total count
                 A         B        C        D         E       F
            +---------+---------+-------+---------+---------+-------
      Total |  521688 |  414181 |  44.3 |    1155 |     590 |  33.8
            +---------+---------+-------+---------+---------+-------
        D:1 |      63 |       0 |   0.0 |      36 |       0 |   0.0
        D:2 |      33 |       0 |   0.0 |       8 |       0 |   0.0
        D:3 |     145 |       0 |   0.0 |      15 |       0 |   0.0
        D:4 |     437 |      95 |  17.9 |      14 |       9 |  39.1
        D:5 |     237 |     357 |  60.1 |       8 |       4 |  33.3
        D:6 |    1503 |     268 |  15.1 |      29 |       1 |   3.3
        D:7 |    1800 |       0 |   0.0 |      25 |       0 |   0.0
        D:8 |    1139 |       0 |   0.0 |      30 |       0 |   0.0
        D:9 |    1630 |    1028 |  38.7 |      32 |       5 |  13.5
       D:10 |    3439 |    1356 |  28.3 |      12 |       6 |  33.3
       D:11 |    7247 |    2799 |  27.9 |      24 |       7 |  22.6
       D:12 |    4664 |     761 |  14.0 |      14 |       2 |  12.5
       D:13 |   11469 |    4210 |  26.9 |      33 |       8 |  19.5
       D:14 |    9857 |     866 |   8.1 |      18 |       1 |   5.3
       D:15 |    9270 |    3583 |  27.9 |      29 |       9 |  23.7
     Lair:1 |    2499 |    1472 |  37.1 |       9 |       5 |  35.7
     Lair:2 |    8698 |    3859 |  30.7 |      35 |      14 |  28.6
     Lair:3 |    7112 |    1733 |  19.6 |      19 |       5 |  20.8
     Lair:4 |    7404 |       0 |   0.0 |      13 |       0 |   0.0
     Lair:5 |    6349 |   16573 |  72.3 |      19 |      73 |  79.3
   Shoals:1 |    7574 |       0 |   0.0 |      21 |       0 |   0.0
   Shoals:2 |    8412 |       0 |   0.0 |      19 |       0 |   0.0
   Shoals:3 |   17232 |    5629 |  24.6 |      39 |       5 |  11.4
   Shoals:4 |    8351 |   21104 |  71.6 |      18 |      28 |  60.9
   Spider:1 |   15972 |       0 |   0.0 |      39 |       0 |   0.0
   Spider:2 |   19621 |    2840 |  12.6 |      48 |      12 |  20.0
   Spider:3 |    9837 |       0 |   0.0 |      21 |       0 |   0.0
   Spider:4 |   10563 |   28724 |  73.1 |      26 |      45 |  63.4
      Orc:1 |    3492 |       0 |   0.0 |      31 |       0 |   0.0
      Orc:2 |    2197 |   12489 |  85.0 |      28 |      35 |  55.6
   Vaults:1 |   35651 |   13874 |  28.0 |      51 |      17 |  25.0
   Vaults:2 |   27916 |   18338 |  39.6 |      37 |      24 |  39.3
   Vaults:3 |   19020 |   24850 |  56.6 |      24 |      27 |  52.9
   Vaults:4 |   25022 |   34525 |  58.0 |      37 |      44 |  54.3
   Vaults:5 |   19029 |   87247 |  82.1 |      44 |      77 |  63.6
   Depths:1 |   35875 |   64554 |  64.3 |      50 |      58 |  53.7
   Depths:2 |   25606 |   38686 |  60.2 |      27 |      48 |  64.0
   Depths:3 |   33252 |       0 |   0.0 |      36 |       0 |   0.0
   Depths:4 |   20933 |   18218 |  46.5 |      32 |      16 |  33.3
      Zot:1 |   47729 |       0 |   0.0 |      41 |       0 |   0.0
      Zot:2 |   17559 |    3830 |  17.9 |      15 |       4 |  21.1
    Abyss:3 |    2836 |       0 |   0.0 |       4 |       0 |   0.0
    Abyss:4 |   23014 |     313 |   1.3 |      45 |       1 |   2.2
            +---------+---------+-------+---------+---------+-------
